Workbook
Name _266_0001: Tabla14[266 0001]
Name _266_0003: Tabla18[266 0003]
Name _266_0004: Tabla39[266 0004]
Name _266_0005: Tabla43[266 0005]
Name _266_0006: Tabla44[266 0006]
Name _266_0007: Tabla45[266 0007]
Name _266_9999: Tabla46[266 9999]
Name _51: Tabla5[51]
Name _53: Tabla7[53]
Name _57: Tabla8[57]
Name _73: Tabla49[73]
Name _75: Listas2!$K$21
Name _84: Tabla50[84]
Name _99: Tabla10[99]
Name AC: Tabla36[AC]
Name COORDINACIÓN_GENERAL_ADMINISTRATIVA_FINANCIERA: Tabla22[COORDINACIÓN GENERAL ADMINISTRATIVA FINANCIERA]
Name COORDINACIÓN_ZONAL: Tabla21[COORDINACIÓN ZONAL]
Name COORDINACIÓN_ZONAL_1: Tabla27[COORDINACIÓN ZONAL 1]
Name COORDINACIÓN_ZONAL_2_9: Tabla28[COORDINACIÓN ZONAL 2 - 9]
Name COORDINACIÓN_ZONAL_3: Tabla29[COORDINACIÓN ZONAL 3]
Name COORDINACIÓN_ZONAL_4: Tabla30[COORDINACIÓN ZONAL 4]
Name COORDINACIÓN_ZONAL_5_8: Tabla31[COORDINACIÓN ZONAL 5 - 8]
Name COORDINACIÓN_ZONAL_6: Tabla32[COORDINACIÓN ZONAL 6]
Name COORDINACIÓN_ZONAL_7: Tabla33[COORDINACIÓN ZONAL 7]
Name COR: Tabla4[Columna1]
Name CORR: Listas2!$I$39:$I$42
Name CORRIENTE: Tabla51[CORRIENTE]
Name DIRECCIÓN_ADMINISTRATIVA: DIRECCIÓN[DIRECCIÓN]
Name DIRECCIÓN_GENERAL: Tabla23[[DIRECCIÓN GENERAL ]]
Name DIRECCIÓN_GENERAL_1: SUBDIRECCIÓN[[#All],[DIRECCIÓN GENERAL / COORDINACIÓN / SUBDIRECCIÓN]]
Name EOD: #REF!
Name ESTADO_DE_LA_ACTIVIDAD: #REF!
Name Estrategicos: Tabla11[OBJETIVOS ESTRATÉGICOS]
Name FTE: Tabla47[FTE]
Name FUENTE: Listas2!$J$39:$J$40
Name GEO: Tabla37[GEO]
Name GEOG.: Listas2!$L$15:$L$16
Name GG: Tabla3[GG]
Name INVERSIÓN: Tabla52[INVERSIÓN]
Name ÍTEM_PRESUPUESTARIO: Tabla2[ÍTEM PRESUPUESTARIO]
Name MacroPAPP: #REF!
Name NOMBRE_GEO: Tabla37[NOMBRE GEO]
Name Objetivos: Tabla1[OBJETIVOS]
Name Operativos: Tabla12[OBJETIVOS OPERATIVOS]
Name ORG: Tabla48[ORG]
Name ORGANISMO: Listas2!$K$39:$K$42
Name PG: Tabla20[PG]
Name Planta: Tabla13[PLANTA]
Name PLANTA_CENTRAL: Tabla19[PLANTA CENTRAL]
Name Politicas: Tabla9[POLÍTICAS]
Name PROGRAMA: Listas2!$G$39
Name PROYECTO: Listas2!$H$39
Name PY: Tabla35[PY]
Name SUBDIRECCIÓN_TÉCNICA_DE_DOCTRINA: Tabla24[SUBDIRECCIÓN TÉCNICA DE DOCTRINA]
Name SUBDIRECCIÓN_TÉCNICA_DE_OPERACIONES: Tabla25[SUBDIRECCIÓN TÉCNICA DE OPERACIONES]
Name SUBDIRECCIÓN_TÉCNICA_DE_TECNOLOGÍA_E_INNOVACIÓN: Tabla26[SUBDIRECCIÓN TÉCNICA DE TECNOLOGÍA E INNOVACIÓN]
Name TIPO_DE_GASTO: Tabla4[TIPO DE GASTO]

Sheet PAPP SAT 2023
D1: PLANIFICACIÓN Y GESTION ESTRATÉGICA
D2: GESTION DE PLANIFICACIÓN E INVERSIÓN
D3: MATRIZ PAPP
D4: CÓDIGO | V4: VERSIÓN
D5: PLA_FOR_43 | V5: 01
A6: PLAN ANUAL DE LA POLÍTICA PÚBLICA - PAPP 2023
A7: I. OBJETIVOS Y POLÍTICAS | E7: II. ESTRUCTURA ORGANIZATIVA | H7: III. ACTIVIDAD PAPP | K7: IV. ESTRUCTURA PROGRAMÁTICA | X7: V. PROGRAMACIÓN FINANCIERA
A8: OBJETIVOS PND | B8: POLÍTICAS PND | C8: OBJETIVOS ESTRATÉGICOS | D8: OBJETIVOS OPERATIVOS | E8: PLANTA CENTRAL / ZONAS | F8: DIRECCIÓN GENERAL / COORDINACIÓN / SUBDIRECCIÓN | G8: DIRECCIÓN | H8: MACROACTIVIDAD PAPP | I8: ACTIVIDAD PAPP | J8: PONDERACIÓN | K8: EOD | L8: PG | M8: PY | N8: AC | O8: GEO | P8: NOMBRE GEO | Q8: FTE | R8: ORG | S8: COR | T8: TIPO DE GASTO | U8: GG | V8: ÍTEM PRESUPUESTARIO | W8: DESCRIPCIÓN ÍTEM PRESUPUESTARIO | X8: PRESUPUESTO INICIAL 2023 | Y8: PRESUPUESTO VIGENTE | Z8: ENE | AA8: FEB | AB8: MAR | AC8: ABR | AD8: MAY | AE8: JUN | AF8: JUL | AG8: AGO | AH8: SEP | AI8: OCT | AJ8: NOV | AK8: DIC | AL8: TOTAL PROGRAMADO | AM8: REVISIÓN DE SUMAS | AN8: CERTIFICACIÓN PAPP | AO8: SALDO DSIPONIBLE
A9: OBJETIVO 9: GARANTIZAR LA SEGURIDAD CIUDADANA, ORDEN PÚBLICO Y GESTIÓN DE RIESGOS | B9: =VLOOKUP(Tabla6[[#This Row],[OBJETIVOS PND]],Listas!$A$1:$B$3,2,0) -> 9.3 MPULSAR LA REDUCCIÓN DE RIESGOS DE DESASTRES Y ATENCIÓN OPORTUNA A EMERGENCIAS ANTE AMENAZAS NATURALES O ANTRÓPICAS EN TODOS LOS SECTORES Y NIVELES TERRITORIALES | C9: OE 1 INCREMENTAR LA CALIDAD EN LA PRESTACIÓN DEL SERVICIO DE ATENCIÓN DE EMERGENCIAS A NIVEL NACIONAL | D9: INCREMENTAR LA MEJORA DE LOS SERVICIOS TECNOLÓGICOS DEL SIS ECU 911 MEDIANTE EL DESARROLLO DE PROYECTOS DE INNOVACIÓN Y DEMÁS INSTRUMENTOS RELATIVOS AL MEJORAMIENTO DE LA PRESTACIÓN DEL SERVICIO, FORTALECIMIENTO DE LA PLATAFORMA TECNOLÓGICA Y LA INCORPORACIÓN DE NUEVOS PRODUCTOS Y SERVICIOS PARA EL SIS ECU 911. | E9: PLANTA_CENTRAL | F9: DIRECCIÓN_GENERAL | G9: COORDINACIÓN GENERAL PROYECTO SAT | H9: =VLOOKUP(Tabla6[[#This Row],[DIRECCIÓN]],DIRECCIÓN[#All],2,0) -> OPERACIONES | I9: SERVICIOS PARA EL DESARROLLO DE PRODUCTOS AUDIOVISUALES, PIEZAS GRÁFICAS, MATERIAL POP, LANDING PAGE, PAUTAJE EN RADIOS LOCALES Y ORGANIZACIÓN, PUESTA EN MARCHA Y REGISTRO FOTOGRÁFICO DE TALLERES PARA LA IMPLEMENTACIÓN DE LA CAMPAÑA EDUCOMUNICACIONAL DEL “PROGRAMA DE FORTALECIMIENTO DEL SISTEMA NACIONAL DE ALERTA TEMPRANA: TSUNAMIS Y DESBORDAMIENTO DE RÍOS” | J9: 1 | K9: =VLOOKUP(Tabla6[[#This Row],[DIRECCIÓN GENERAL / COORDINACIÓN / SUBDIRECCIÓN]],Tabla37[[#All],[Columna1]:[EOD]],2,0) -> 266_9999 | L9: 55 | M9: 003 | N9: 2 | O9: 1701 | P9: =VLOOKUP(Tabla6[[#This Row],[GEO]],Listas!$A$48:$B$77,2,0) -> QUITO | Q9: 202 | R9: 9999 | S9: 9999 | T9: INVERSIÓN | U9: 73 | V9: 730204 | W9: =VLOOKUP(Tabla6[[#This Row],[ÍTEM PRESUPUESTARIO]],Tabla2[#All],2,0) -> EDICION-IMPRESION-REPRODUCCION-PUBLICACIONES-SUSCRIPCIONES-FOTOCOPIADO-TRADUCCION-EMPASTADO-ENMARCACION-SERIGRAFIA-FOTOGRAFIA-CARNETIZACION-FILMACION E IMÁGENES SATELITALES | X9: 21861.5 | Y9: =21861.5-21861.5 -> 0 | Z9: 0 | AA9: 0 | AB9: 0 | AC9: 0 | AE9: 0 | AF9: 0 | AG9: 0 | AH9: 0 | AI9: 0 | AJ9: 0 | AK9: 0 | AL9: =+SUBTOTAL(9,Tabla6[[#This Row],[ENE]:[DIC]]) -> 0 | AM9: =IF(AL9=Y9,"OK",Y9-AL9) -> OK | AN9: 0 | AO9: =+Tabla6[[#This Row],[PRESUPUESTO VIGENTE]]-Tabla6[[#This Row],[CERTIFICACIÓN PAPP]] -> 0
A10: OBJETIVO 9: GARANTIZAR LA SEGURIDAD CIUDADANA, ORDEN PÚBLICO Y GESTIÓN DE RIESGOS | B10: =VLOOKUP(Tabla6[[#This Row],[OBJETIVOS PND]],Listas!$A$1:$B$3,2,0) -> 9.3 MPULSAR LA REDUCCIÓN DE RIESGOS DE DESASTRES Y ATENCIÓN OPORTUNA A EMERGENCIAS ANTE AMENAZAS NATURALES O ANTRÓPICAS EN TODOS LOS SECTORES Y NIVELES TERRITORIALES | C10: OE 1 INCREMENTAR LA CALIDAD EN LA PRESTACIÓN DEL SERVICIO DE ATENCIÓN DE EMERGENCIAS A NIVEL NACIONAL | D10: INCREMENTAR LA MEJORA DE LOS SERVICIOS TECNOLÓGICOS DEL SIS ECU 911 MEDIANTE EL DESARROLLO DE PROYECTOS DE INNOVACIÓN Y DEMÁS INSTRUMENTOS RELATIVOS AL MEJORAMIENTO DE LA PRESTACIÓN DEL SERVICIO, FORTALECIMIENTO DE LA PLATAFORMA TECNOLÓGICA Y LA INCORPORACIÓN DE NUEVOS PRODUCTOS Y SERVICIOS PARA EL SIS ECU 911. | E10: PLANTA_CENTRAL | F10: DIRECCIÓN_GENERAL | G10: COORDINACIÓN GENERAL PROYECTO SAT | H10: =VLOOKUP(Tabla6[[#This Row],[DIRECCIÓN]],DIRECCIÓN[#All],2,0) -> OPERACIONES | I10: SERVICIOS PARA EL DESARROLLO DE PRODUCTOS AUDIOVISUALES, PIEZAS GRÁFICAS, MATERIAL POP, LANDING PAGE, PAUTAJE EN RADIOS LOCALES Y ORGANIZACIÓN, PUESTA EN MARCHA Y REGISTRO FOTOGRÁFICO DE TALLERES PARA LA IMPLEMENTACIÓN DE LA CAMPAÑA EDUCOMUNICACIONAL DEL “PROGRAMA DE FORTALECIMIENTO DEL SISTEMA NACIONAL DE ALERTA TEMPRANA: TSUNAMIS Y DESBORDAMIENTO DE RÍOS” | J10: 1 | K10: =VLOOKUP(Tabla6[[#This Row],[DIRECCIÓN GENERAL / COORDINACIÓN / SUBDIRECCIÓN]],Tabla37[[#All],[Columna1]:[EOD]],2,0) -> 266_9999 | L10: 55 | M10: 003 | N10: 2 | O10: 1701 | P10: =VLOOKUP(Tabla6[[#This Row],[GEO]],Listas!$A$48:$B$77,2,0) -> QUITO | Q10: 202 | R10: 9999 | S10: 9999 | T10: INVERSIÓN | U10: 73 | V10: 730204 | W10: =VLOOKUP(Tabla6[[#This Row],[ÍTEM PRESUPUESTARIO]],Tabla2[#All],2,0) -> EDICION-IMPRESION-REPRODUCCION-PUBLICACIONES-SUSCRIPCIONES-FOTOCOPIADO-TRADUCCION-EMPASTADO-ENMARCACION-SERIGRAFIA-FOTOGRAFIA-CARNETIZACION-FILMACION E IMÁGENES SATELITALES | X10: 15724.67 | Y10: =15724.67-15724.67 -> 0 | Z10: 0 | AA10: 0 | AB10: 0 | AC10: 0 | AE10: 0 | AF10: 0 | AG10: 0 | AH10: 0 | AI10: 0 | AJ10: 0 | AK10: 0 | AL10: =+SUBTOTAL(9,Tabla6[[#This Row],[ENE]:[DIC]]) -> 0 | AM10: =IF(AL10=Y10,"OK",Y10-AL10) -> OK | AN10: 0 | AO10: =+Tabla6[[#This Row],[PRESUPUESTO VIGENTE]]-Tabla6[[#This Row],[CERTIFICACIÓN PAPP]] -> 0
A11: OBJETIVO 9: GARANTIZAR LA SEGURIDAD CIUDADANA, ORDEN PÚBLICO Y GESTIÓN DE RIESGOS | B11: =VLOOKUP(Tabla6[[#This Row],[OBJETIVOS PND]],Listas!$A$1:$B$3,2,0) -> 9.3 MPULSAR LA REDUCCIÓN DE RIESGOS DE DESASTRES Y ATENCIÓN OPORTUNA A EMERGENCIAS ANTE AMENAZAS NATURALES O ANTRÓPICAS EN TODOS LOS SECTORES Y NIVELES TERRITORIALES | C11: OE 1 INCREMENTAR LA CALIDAD EN LA PRESTACIÓN DEL SERVICIO DE ATENCIÓN DE EMERGENCIAS A NIVEL NACIONAL | D11: INCREMENTAR LA MEJORA DE LOS SERVICIOS TECNOLÓGICOS DEL SIS ECU 911 MEDIANTE EL DESARROLLO DE PROYECTOS DE INNOVACIÓN Y DEMÁS INSTRUMENTOS RELATIVOS AL MEJORAMIENTO DE LA PRESTACIÓN DEL SERVICIO, FORTALECIMIENTO DE LA PLATAFORMA TECNOLÓGICA Y LA INCORPORACIÓN DE NUEVOS PRODUCTOS Y SERVICIOS PARA EL SIS ECU 911. | E11: PLANTA_CENTRAL | F11: DIRECCIÓN_GENERAL | G11: COORDINACIÓN GENERAL PROYECTO SAT | H11: =VLOOKUP(Tabla6[[#This Row],[DIRECCIÓN]],DIRECCIÓN[#All],2,0) -> OPERACIONES | I11: SERVICIOS PARA EL DESARROLLO DE PRODUCTOS AUDIOVISUALES, PIEZAS GRÁFICAS, MATERIAL POP, LANDING PAGE, PAUTAJE EN RADIOS LOCALES Y ORGANIZACIÓN, PUESTA EN MARCHA Y REGISTRO FOTOGRÁFICO DE TALLERES PARA LA IMPLEMENTACIÓN DE LA CAMPAÑA EDUCOMUNICACIONAL DEL “PROGRAMA DE FORTALECIMIENTO DEL SISTEMA NACIONAL DE ALERTA TEMPRANA: TSUNAMIS Y DESBORDAMIENTO DE RÍOS” | J11: 1 | K11: =VLOOKUP(Tabla6[[#This Row],[DIRECCIÓN GENERAL / COORDINACIÓN / SUBDIRECCIÓN]],Tabla37[[#All],[Columna1]:[EOD]],2,0) -> 266_9999 | L11: 55 | M11: 003 | N11: 2 | O11: 1701 | P11: =VLOOKUP(Tabla6[[#This Row],[GEO]],Listas!$A$48:$B$77,2,0) -> QUITO | Q11: 202 | R11: 9999 | S11: 9999 | T11: INVERSIÓN | U11: 73 | V11: 730207 | W11: =VLOOKUP(Tabla6[[#This Row],[ÍTEM PRESUPUESTARIO]],Tabla2[#All],2,0) -> DIFUSIÓN, INFORMACIÓN Y PUBLICIDAD | X11: 143400 | Y11: =143400-143400 -> 0 | Z11: 0 | AA11: 0 | AB11: 0 | AC11: 0 | AD11: 0 | AE11: 0 | AF11: 0 | AG11: 0 | AH11: 0 | AI11: 0 | AJ11: 0 | AK11: 0 | AL11: =+SUBTOTAL(9,Tabla6[[#This Row],[ENE]:[DIC]]) -> 0 | AM11: =IF(AL11=Y11,"OK",Y11-AL11) -> OK | AN11: 0 | AO11: =+Tabla6[[#This Row],[PRESUPUESTO VIGENTE]]-Tabla6[[#This Row],[CERTIFICACIÓN PAPP]] -> 0
A12: OBJETIVO 9: GARANTIZAR LA SEGURIDAD CIUDADANA, ORDEN PÚBLICO Y GESTIÓN DE RIESGOS | B12: =VLOOKUP(Tabla6[[#This Row],[OBJETIVOS PND]],Listas!$A$1:$B$3,2,0) -> 9.3 MPULSAR LA REDUCCIÓN DE RIESGOS DE DESASTRES Y ATENCIÓN OPORTUNA A EMERGENCIAS ANTE AMENAZAS NATURALES O ANTRÓPICAS EN TODOS LOS SECTORES Y NIVELES TERRITORIALES | C12: OE 1 INCREMENTAR LA CALIDAD EN LA PRESTACIÓN DEL SERVICIO DE ATENCIÓN DE EMERGENCIAS A NIVEL NACIONAL | D12: INCREMENTAR LA MEJORA DE LOS SERVICIOS TECNOLÓGICOS DEL SIS ECU 911 MEDIANTE EL DESARROLLO DE PROYECTOS DE INNOVACIÓN Y DEMÁS INSTRUMENTOS RELATIVOS AL MEJORAMIENTO DE LA PRESTACIÓN DEL SERVICIO, FORTALECIMIENTO DE LA PLATAFORMA TECNOLÓGICA Y LA INCORPORACIÓN DE NUEVOS PRODUCTOS Y SERVICIOS PARA EL SIS ECU 911. | E12: PLANTA_CENTRAL | F12: DIRECCIÓN_GENERAL | G12: COORDINACIÓN GENERAL PROYECTO SAT | H12: =VLOOKUP(Tabla6[[#This Row],[DIRECCIÓN]],DIRECCIÓN[#All],2,0) -> OPERACIONES | I12: CONSULTORÍA PARA LA EVALUACIÓN FINAL DEL PROGRAMA PARA EL FORTALECIMIENTO DEL SISTEMA NACIONAL DE ALERTA TEMPRANA ANTE TSUNAMIS Y DESBORDAMIENTO DE RÍOS | J12: 1 | K12: =VLOOKUP(Tabla6[[#This Row],[DIRECCIÓN GENERAL / COORDINACIÓN / SUBDIRECCIÓN]],Tabla37[[#All],[Columna1]:[EOD]],2,0) -> 266_9999 | L12: 55 | M12: 003 | N12: 2 | O12: 1701 | P12: =VLOOKUP(Tabla6[[#This Row],[GEO]],Listas!$A$48:$B$77,2,0) -> QUITO | Q12: 202 | R12: 2002 | S12: 5072 | T12: INVERSIÓN | U12: 73 | V12: 730601 | W12: =VLOOKUP(Tabla6[[#This Row],[ÍTEM PRESUPUESTARIO]],Tabla2[#All],2,0) -> CONSULTORÍA ASESORÍA E INVESTIGACIÓN ESPECIALIZADA | X12: 0 | Y12: 10000 | Z12: 0 | AA12: 0 | AB12: 0 | AC12: 0 | AD12: 0 | AE12: 10000 | AF12: 0 | AG12: 0 | AH12: 0 | AI12: 0 | AJ12: 0 | AK12: 0 | AL12: =+SUBTOTAL(9,Tabla6[[#This Row],[ENE]:[DIC]]) -> 10000 | AM12: =IF(AL12=Y12,"OK",Y12-AL12) -> OK | AN12: 6250 | AO12: =+Tabla6[[#This Row],[PRESUPUESTO VIGENTE]]-Tabla6[[#This Row],[CERTIFICACIÓN PAPP]] -> 3750 | AU12: 6
A13: OBJETIVO 14: FORTALECER LAS CAPACIDADES DEL ESTADO CON ÉNFASIS EN LA ADMINISTRACIÓN DE JUSTICIA Y EFICIENCIA EN LOS PROCESOS DE REGULACIÓN Y CONTROL CON INDEPENDENCIA Y AUTONOMÍA. | B13: =VLOOKUP(Tabla6[[#This Row],[OBJETIVOS PND]],Listas!$A$1:$B$3,2,0) -> 14.2 POTENCIAR LAS CAPACIDADES DE LOS DISTINTOS NIVELES DE GOBIERNO PARA EL CUMPLIMIENTO DE LOS OBJETIVOS NACIONALES Y LA PRESTACIÓN DE SERVICIOS CON CALIDAD | C13: OE 1 INCREMENTAR LA CALIDAD EN LA PRESTACIÓN DEL SERVICIO DE ATENCIÓN DE EMERGENCIAS A NIVEL NACIONAL | D13: INCREMENTAR LA MEJORA DE LOS SERVICIOS TECNOLÓGICOS DEL SIS ECU 911 MEDIANTE EL DESARROLLO DE PROYECTOS DE INNOVACIÓN Y DEMÁS INSTRUMENTOS RELATIVOS AL MEJORAMIENTO DE LA PRESTACIÓN DEL SERVICIO, FORTALECIMIENTO DE LA PLATAFORMA TECNOLÓGICA Y LA INCORPORACIÓN DE NUEVOS PRODUCTOS Y SERVICIOS PARA EL SIS ECU 911. | E13: PLANTA_CENTRAL | F13: DIRECCIÓN_GENERAL | G13: COORDINACIÓN GENERAL PROYECTO SAT | H13: =VLOOKUP(Tabla6[[#This Row],[DIRECCIÓN]],DIRECCIÓN[#All],2,0) -> OPERACIONES | I13: EVALUACIÓN INTERMEDIA DEL PROGRAMA PARA EL FORTALECIMIENTO DEL SISTEMA NACIONAL DE ALERTA TEMPRANA ANTE TSUNAMIS Y DESBORDAMIENTO DE RÍOS | J13: 1 | K13: =VLOOKUP(Tabla6[[#This Row],[DIRECCIÓN GENERAL / COORDINACIÓN / SUBDIRECCIÓN]],Tabla37[[#All],[Columna1]:[EOD]],2,0) -> 266_9999 | L13: 55 | M13: 003 | N13: 2 | O13: 1701 | P13: =VLOOKUP(Tabla6[[#This Row],[GEO]],Listas!$A$48:$B$77,2,0) -> QUITO | Q13: 202 | R13: 2002 | S13: 5072 | T13: INVERSIÓN | U13: 73 | V13: 730601 | W13: =VLOOKUP(Tabla6[[#This Row],[ÍTEM PRESUPUESTARIO]],Tabla2[#All],2,0) -> CONSULTORÍA ASESORÍA E INVESTIGACIÓN ESPECIALIZADA | X13: 0 | Y13: 3571.43 | Z13: 0 | AA13: 0 | AB13: 0 | AC13: 0 | AD13: 0 | AE13: 0 | AF13: 3571.43 | AG13: 0 | AH13: 0 | AI13: 0 | AJ13: 0 | AK13: 0 | AL13: =+SUBTOTAL(9,Tabla6[[#This Row],[ENE]:[DIC]]) -> 3571.43 | AM13: =IF(AL13=Y13,"OK",Y13-AL13) -> OK | AN13: =3571.43 -> 3571.43 | AO13: =+Tabla6[[#This Row],[PRESUPUESTO VIGENTE]]-Tabla6[[#This Row],[CERTIFICACIÓN PAPP]] -> 0
A14: OBJETIVO 9: GARANTIZAR LA SEGURIDAD CIUDADANA, ORDEN PÚBLICO Y GESTIÓN DE RIESGOS | B14: =VLOOKUP(Tabla6[[#This Row],[OBJETIVOS PND]],Listas!$A$1:$B$3,2,0) -> 9.3 MPULSAR LA REDUCCIÓN DE RIESGOS DE DESASTRES Y ATENCIÓN OPORTUNA A EMERGENCIAS ANTE AMENAZAS NATURALES O ANTRÓPICAS EN TODOS LOS SECTORES Y NIVELES TERRITORIALES | C14: OE 1 INCREMENTAR LA CALIDAD EN LA PRESTACIÓN DEL SERVICIO DE ATENCIÓN DE EMERGENCIAS A NIVEL NACIONAL | D14: INCREMENTAR LA MEJORA DE LOS SERVICIOS TECNOLÓGICOS DEL SIS ECU 911 MEDIANTE EL DESARROLLO DE PROYECTOS DE INNOVACIÓN Y DEMÁS INSTRUMENTOS RELATIVOS AL MEJORAMIENTO DE LA PRESTACIÓN DEL SERVICIO, FORTALECIMIENTO DE LA PLATAFORMA TECNOLÓGICA Y LA INCORPORACIÓN DE NUEVOS PRODUCTOS Y SERVICIOS PARA EL SIS ECU 911. | E14: PLANTA_CENTRAL | F14: DIRECCIÓN_GENERAL | G14: COORDINACIÓN GENERAL PROYECTO SAT | H14: =VLOOKUP(Tabla6[[#This Row],[DIRECCIÓN]],DIRECCIÓN[#All],2,0) -> OPERACIONES | I14: AUDITORIA A LOS ESTADOS FINANCIEROS DEL PROGRAMA EC-L1221 PARA EL PERIODO COMPRENDIDO 2022-2023 Y CIERRE DEL PROYECTO | J14: 1 | K14: =VLOOKUP(Tabla6[[#This Row],[DIRECCIÓN GENERAL / COORDINACIÓN / SUBDIRECCIÓN]],Tabla37[[#All],[Columna1]:[EOD]],2,0) -> 266_9999 | L14: 55 | M14: 003 | N14: 2 | O14: 1701 | P14: =VLOOKUP(Tabla6[[#This Row],[GEO]],Listas!$A$48:$B$77,2,0) -> QUITO | Q14: 202 | R14: 2002 | S14: 5072 | T14: INVERSIÓN | U14: 73 | V14: 730602 | W14: =VLOOKUP(Tabla6[[#This Row],[ÍTEM PRESUPUESTARIO]],Tabla2[#All],2,0) -> SERVICIO DE AUDITORIA | X14: 19350 | Y14: =19350-15200 -> 4150 | Z14: 0 | AA14: 0 | AB14: 4150 | AC14: 0 | AD14: 0 | AE14: 0 | AF14: 0 | AG14: 0 | AH14: 0 | AI14: 0 | AJ14: 0 | AK14: 0 | AL14: =+SUBTOTAL(9,Tabla6[[#This Row],[ENE]:[DIC]]) -> 4150 | AM14: =IF(AL14=Y14,"OK",Y14-AL14) -> OK | AN14: 0 | AO14: =+Tabla6[[#This Row],[PRESUPUESTO VIGENTE]]-Tabla6[[#This Row],[CERTIFICACIÓN PAPP]] -> 4150
A15: OBJETIVO 9: GARANTIZAR LA SEGURIDAD CIUDADANA, ORDEN PÚBLICO Y GESTIÓN DE RIESGOS | B15: =VLOOKUP(Tabla6[[#This Row],[OBJETIVOS PND]],Listas!$A$1:$B$3,2,0) -> 9.3 MPULSAR LA REDUCCIÓN DE RIESGOS DE DESASTRES Y ATENCIÓN OPORTUNA A EMERGENCIAS ANTE AMENAZAS NATURALES O ANTRÓPICAS EN TODOS LOS SECTORES Y NIVELES TERRITORIALES | C15: OE 1 INCREMENTAR LA CALIDAD EN LA PRESTACIÓN DEL SERVICIO DE ATENCIÓN DE EMERGENCIAS A NIVEL NACIONAL | D15: INCREMENTAR LA MEJORA DE LOS SERVICIOS TECNOLÓGICOS DEL SIS ECU 911 MEDIANTE EL DESARROLLO DE PROYECTOS DE INNOVACIÓN Y DEMÁS INSTRUMENTOS RELATIVOS AL MEJORAMIENTO DE LA PRESTACIÓN DEL SERVICIO, FORTALECIMIENTO DE LA PLATAFORMA TECNOLÓGICA Y LA INCORPORACIÓN DE NUEVOS PRODUCTOS Y SERVICIOS PARA EL SIS ECU 911. | E15: PLANTA_CENTRAL | F15: DIRECCIÓN_GENERAL | G15: COORDINACIÓN GENERAL PROYECTO SAT | H15: =VLOOKUP(Tabla6[[#This Row],[DIRECCIÓN]],DIRECCIÓN[#All],2,0) -> OPERACIONES | I15: EVALUACIÓN INTERMEDIA | J15: 1 | K15: =VLOOKUP(Tabla6[[#This Row],[DIRECCIÓN GENERAL / COORDINACIÓN / SUBDIRECCIÓN]],Tabla37[[#All],[Columna1]:[EOD]],2,0) -> 266_9999 | L15: 55 | M15: 003 | N15: 2 | O15: 1701 | P15: =VLOOKUP(Tabla6[[#This Row],[GEO]],Listas!$A$48:$B$77,2,0) -> QUITO | Q15: 202 | R15: 2002 | S15: 5072 | T15: INVERSIÓN | U15: 73 | V15: 730602 | W15: =VLOOKUP(Tabla6[[#This Row],[ÍTEM PRESUPUESTARIO]],Tabla2[#All],2,0) -> SERVICIO DE AUDITORIA | X15: 0 | Y15: =4000-3571.43 -> 428.57 | Z15: 0 | AA15: 0 | AB15: 0 | AC15: 0 | AD15: 428.57 | AE15: 0 | AF15: 0 | AG15: 0 | AH15: 0 | AI15: 0 | AJ15: 0 | AK15: 0 | AL15: =+SUBTOTAL(9,Tabla6[[#This Row],[ENE]:[DIC]]) -> 428.57 | AM15: =IF(AL15=Y15,"OK",Y15-AL15) -> OK | AN15: =3571.43-3571.43 -> 0 | AO15: =+Tabla6[[#This Row],[PRESUPUESTO VIGENTE]]-Tabla6[[#This Row],[CERTIFICACIÓN PAPP]] -> 428.57
A16: OBJETIVO 9: GARANTIZAR LA SEGURIDAD CIUDADANA, ORDEN PÚBLICO Y GESTIÓN DE RIESGOS | B16: =VLOOKUP(Tabla6[[#This Row],[OBJETIVOS PND]],Listas!$A$1:$B$3,2,0) -> 9.3 MPULSAR LA REDUCCIÓN DE RIESGOS DE DESASTRES Y ATENCIÓN OPORTUNA A EMERGENCIAS ANTE AMENAZAS NATURALES O ANTRÓPICAS EN TODOS LOS SECTORES Y NIVELES TERRITORIALES | C16: OE 1 INCREMENTAR LA CALIDAD EN LA PRESTACIÓN DEL SERVICIO DE ATENCIÓN DE EMERGENCIAS A NIVEL NACIONAL | D16: INCREMENTAR LA MEJORA DE LOS SERVICIOS TECNOLÓGICOS DEL SIS ECU 911 MEDIANTE EL DESARROLLO DE PROYECTOS DE INNOVACIÓN Y DEMÁS INSTRUMENTOS RELATIVOS AL MEJORAMIENTO DE LA PRESTACIÓN DEL SERVICIO, FORTALECIMIENTO DE LA PLATAFORMA TECNOLÓGICA Y LA INCORPORACIÓN DE NUEVOS PRODUCTOS Y SERVICIOS PARA EL SIS ECU 911. | E16: PLANTA_CENTRAL | F16: DIRECCIÓN_GENERAL | G16: COORDINACIÓN GENERAL PROYECTO SAT | H16: =VLOOKUP(Tabla6[[#This Row],[DIRECCIÓN]],DIRECCIÓN[#All],2,0) -> OPERACIONES | I16: AUDITOÍA A LOS ESTADOS FINANCIEROS DEL PROGRAMA EC-L1221 PARA EL PERÍODO COMPRENDIDO 2020, 2021 Y CIERRE DEL PROYECTO | J16: 1 | K16: =VLOOKUP(Tabla6[[#This Row],[DIRECCIÓN GENERAL / COORDINACIÓN / SUBDIRECCIÓN]],Tabla37[[#All],[Columna1]:[EOD]],2,0) -> 266_9999 | L16: 55 | M16: 003 | N16: 2 | O16: 1701 | P16: =VLOOKUP(Tabla6[[#This Row],[GEO]],Listas!$A$48:$B$77,2,0) -> QUITO | Q16: 202 | R16: 2002 | S16: 5072 | T16: INVERSIÓN | U16: 73 | V16: 730602 | W16: =VLOOKUP(Tabla6[[#This Row],[ÍTEM PRESUPUESTARIO]],Tabla2[#All],2,0) -> SERVICIO DE AUDITORIA | X16: 0 | Y16: 11200 | Z16: 0 | AA16: 0 | AB16: 0 | AC16: 0 | AD16: 11200 | AE16: 0 | AF16: 0 | AG16: 0 | AH16: 0 | AI16: 0 | AJ16: 0 | AK16: 0 | AL16: =+SUBTOTAL(9,Tabla6[[#This Row],[ENE]:[DIC]]) -> 11200 | AM16: =IF(AL16=Y16,"OK",Y16-AL16) -> OK | AN16: 5000 | AO16: =+Tabla6[[#This Row],[PRESUPUESTO VIGENTE]]-Tabla6[[#This Row],[CERTIFICACIÓN PAPP]] -> 6200
A17: OBJETIVO 9: GARANTIZAR LA SEGURIDAD CIUDADANA, ORDEN PÚBLICO Y GESTIÓN DE RIESGOS | B17: 9.3 MPULSAR LA REDUCCIÓN DE RIESGOS DE DESASTRES Y ATENCIÓN OPORTUNA A EMERGENCIAS ANTE AMENAZAS NATURALES O ANTRÓPICAS EN TODOS LOS SECTORES Y NIVELES TERRITORIALES | C17: OE 1 INCREMENTAR LA CALIDAD EN LA PRESTACIÓN DEL SERVICIO DE ATENCIÓN DE EMERGENCIAS A NIVEL NACIONAL | D17: INCREMENTAR LA MEJORA DE LOS SERVICIOS TECNOLÓGICOS DEL SIS ECU 911 MEDIANTE EL DESARROLLO DE PROYECTOS DE INNOVACIÓN Y DEMÁS INSTRUMENTOS RELATIVOS AL MEJORAMIENTO DE LA PRESTACIÓN DEL SERVICIO, FORTALECIMIENTO DE LA PLATAFORMA TECNOLÓGICA Y LA INCORPORACIÓN DE NUEVOS PRODUCTOS Y SERVICIOS PARA EL SIS ECU 911. | E17: PLANTA_CENTRAL | F17: DIRECCIÓN_GENERAL | G17: COORDINACIÓN GENERAL PROYECTO SAT | H17: =VLOOKUP(Tabla6[[#This Row],[DIRECCIÓN]],DIRECCIÓN[#All],2,0) -> OPERACIONES | I17: EVALUACIÓN FINAL DEL PROGRAMA | J17: 1 | K17: =VLOOKUP(Tabla6[[#This Row],[DIRECCIÓN GENERAL / COORDINACIÓN / SUBDIRECCIÓN]],Tabla37[[#All],[Columna1]:[EOD]],2,0) -> 266_9999 | L17: 55 | M17: 003 | N17: 2 | O17: 1701 | P17: =VLOOKUP(Tabla6[[#This Row],[GEO]],Listas!$A$48:$B$77,2,0) -> QUITO | Q17: 202 | R17: 2002 | S17: 5072 | T17: INVERSIÓN | U17: 73 | V17: 730602 | W17: =VLOOKUP(Tabla6[[#This Row],[ÍTEM PRESUPUESTARIO]],Tabla2[#All],2,0) -> SERVICIO DE AUDITORIA | X17: 10000 | Y17: =10000-10000 -> 0 | Z17: 0 | AA17: 0 | AB17: 0 | AD17: 0 | AE17: 0 | AF17: 0 | AG17: 0 | AH17: 0 | AI17: 0 | AJ17: 0 | AK17: 0 | AL17: =+SUBTOTAL(9,Tabla6[[#This Row],[ENE]:[DIC]]) -> 0 | AM17: =IF(AL17=Y17,"OK",Y17-AL17) -> OK | AN17: =10000-10000 -> 0 | AO17: =+Tabla6[[#This Row],[PRESUPUESTO VIGENTE]]-Tabla6[[#This Row],[CERTIFICACIÓN PAPP]] -> 0
A18: OBJETIVO 9: GARANTIZAR LA SEGURIDAD CIUDADANA, ORDEN PÚBLICO Y GESTIÓN DE RIESGOS | B18: =VLOOKUP(Tabla6[[#This Row],[OBJETIVOS PND]],Listas!$A$1:$B$3,2,0) -> 9.3 MPULSAR LA REDUCCIÓN DE RIESGOS DE DESASTRES Y ATENCIÓN OPORTUNA A EMERGENCIAS ANTE AMENAZAS NATURALES O ANTRÓPICAS EN TODOS LOS SECTORES Y NIVELES TERRITORIALES | C18: OE 1 INCREMENTAR LA CALIDAD EN LA PRESTACIÓN DEL SERVICIO DE ATENCIÓN DE EMERGENCIAS A NIVEL NACIONAL | D18: INCREMENTAR LA MEJORA DE LOS SERVICIOS TECNOLÓGICOS DEL SIS ECU 911 MEDIANTE EL DESARROLLO DE PROYECTOS DE INNOVACIÓN Y DEMÁS INSTRUMENTOS RELATIVOS AL MEJORAMIENTO DE LA PRESTACIÓN DEL SERVICIO, FORTALECIMIENTO DE LA PLATAFORMA TECNOLÓGICA Y LA INCORPORACIÓN DE NUEVOS PRODUCTOS Y SERVICIOS PARA EL SIS ECU 911. | E18: PLANTA_CENTRAL | F18: DIRECCIÓN_GENERAL | G18: COORDINACIÓN GENERAL PROYECTO SAT | H18: =VLOOKUP(Tabla6[[#This Row],[DIRECCIÓN]],DIRECCIÓN[#All],2,0) -> OPERACIONES | I18: ADQUISICIÓN E INSTALACIÓN DE MINI VALLAS INFORMATIVAS (INCLUIDO DISEÑO, IMPRESIÓN, REPRODUCCIÓN E INSTALACIÓN) CON CÓDIGO QR, MAPAS DE UBICACIÓN DE ZONAS SEGURAS, RUTAS DE EVACUACIÓN Y SIRENAS, ANTE LA POSIBLE OCURRENCIA DE UN EVENTO DE TSUNAMI EN LAS PROVINCIAS DE: SANTA ELENA, GUAYAS, EL ORO Y GALÁPAGOS Y ANTE DESBORDAMIENTO DE RÍOS EN LAS CUENCAS PRIORIZADAS DE LAS PROVINCIAS DEL GUAYAS (CHONGÓN), Y MANABÍ (PORTOVIEJO Y CHONE). | J18: 1 | K18: =VLOOKUP(Tabla6[[#This Row],[DIRECCIÓN GENERAL / COORDINACIÓN / SUBDIRECCIÓN]],Tabla37[[#All],[Columna1]:[EOD]],2,0) -> 266_9999 | L18: 55 | M18: 003 | N18: 2 | O18: 1701 | P18: =VLOOKUP(Tabla6[[#This Row],[GEO]],Listas!$A$48:$B$77,2,0) -> QUITO | Q18: 202 | R18: 9999 | S18: 9999 | T18: INVERSIÓN | U18: 73 | V18: 730812 | W18: =VLOOKUP(Tabla6[[#This Row],[ÍTEM PRESUPUESTARIO]],Tabla2[#All],2,0) -> MATERIALES DIDÁCTICOS | X18: 133400.49 | Y18: =133400.49-133400.49 -> 0 | Z18: 0 | AA18: 0 | AB18: 0 | AC18: 0 | AD18: 0 | AE18: 0 | AF18: 0 | AG18: 0 | AH18: 0 | AI18: 0 | AJ18: 0 | AK18: 0 | AL18: =+SUBTOTAL(9,Tabla6[[#This Row],[ENE]:[DIC]]) -> 0 | AM18: =IF(AL18=Y18,"OK",Y18-AL18) -> OK | AN18: 0 | AO18: =+Tabla6[[#This Row],[PRESUPUESTO VIGENTE]]-Tabla6[[#This Row],[CERTIFICACIÓN PAPP]] -> 0
A19: OBJETIVO 9: GARANTIZAR LA SEGURIDAD CIUDADANA, ORDEN PÚBLICO Y GESTIÓN DE RIESGOS | B19: =VLOOKUP(Tabla6[[#This Row],[OBJETIVOS PND]],Listas!$A$1:$B$3,2,0) -> 9.3 MPULSAR LA REDUCCIÓN DE RIESGOS DE DESASTRES Y ATENCIÓN OPORTUNA A EMERGENCIAS ANTE AMENAZAS NATURALES O ANTRÓPICAS EN TODOS LOS SECTORES Y NIVELES TERRITORIALES | C19: OE 1 INCREMENTAR LA CALIDAD EN LA PRESTACIÓN DEL SERVICIO DE ATENCIÓN DE EMERGENCIAS A NIVEL NACIONAL | D19: INCREMENTAR LA MEJORA DE LOS SERVICIOS TECNOLÓGICOS DEL SIS ECU 911 MEDIANTE EL DESARROLLO DE PROYECTOS DE INNOVACIÓN Y DEMÁS INSTRUMENTOS RELATIVOS AL MEJORAMIENTO DE LA PRESTACIÓN DEL SERVICIO, FORTALECIMIENTO DE LA PLATAFORMA TECNOLÓGICA Y LA INCORPORACIÓN DE NUEVOS PRODUCTOS Y SERVICIOS PARA EL SIS ECU 911. | E19: PLANTA_CENTRAL | F19: DIRECCIÓN_GENERAL | G19: COORDINACIÓN GENERAL PROYECTO SAT | H19: =VLOOKUP(Tabla6[[#This Row],[DIRECCIÓN]],DIRECCIÓN[#All],2,0) -> OPERACIONES | I19: ADQUISICIÓN DE EQUIPOS PARA ASEGURAR LA OPERACIÓN, TRANSMISIÓN Y ALIMENTACIÓN DE DATOS, REGULACIÓN DE ENERGÍA Y PROTECCIÓN DE LA RED NACIONAL DE MONITOREO SÍSMICO | J19: 1 | K19: =VLOOKUP(Tabla6[[#This Row],[DIRECCIÓN GENERAL / COORDINACIÓN / SUBDIRECCIÓN]],Tabla37[[#All],[Columna1]:[EOD]],2,0) -> 266_9999 | L19: 55 | M19: 003 | N19: 2 | O19: 1701 | P19: =VLOOKUP(Tabla6[[#This Row],[GEO]],Listas!$A$48:$B$77,2,0) -> QUITO | Q19: 202 | R19: 9999 | S19: 9999 | T19: INVERSIÓN | U19: 73 | V19: 730813 | W19: =VLOOKUP(Tabla6[[#This Row],[ÍTEM PRESUPUESTARIO]],Tabla2[#All],2,0) -> REPUESTOS Y ACCESORIOS | X19: 59448.65 | Y19: =59448.65-59448.65 -> 0 | Z19: 0 | AA19: 0 | AB19: 0 | AC19: 0 | AD19: 0 | AE19: 0 | AF19: 0 | AG19: 0 | AH19: 0 | AI19: 0 | AJ19: 0 | AK19: 0 | AL19: =+SUBTOTAL(9,Tabla6[[#This Row],[ENE]:[DIC]]) -> 0 | AM19: =IF(AL19=Y19,"OK",Y19-AL19) -> OK | AN19: 0 | AO19: =+Tabla6[[#This Row],[PRESUPUESTO VIGENTE]]-Tabla6[[#This Row],[CERTIFICACIÓN PAPP]] -> 0
A20: OBJETIVO 9: GARANTIZAR LA SEGURIDAD CIUDADANA, ORDEN PÚBLICO Y GESTIÓN DE RIESGOS | B20: =VLOOKUP(Tabla6[[#This Row],[OBJETIVOS PND]],Listas!$A$1:$B$3,2,0) -> 9.3 MPULSAR LA REDUCCIÓN DE RIESGOS DE DESASTRES Y ATENCIÓN OPORTUNA A EMERGENCIAS ANTE AMENAZAS NATURALES O ANTRÓPICAS EN TODOS LOS SECTORES Y NIVELES TERRITORIALES | C20: OE 1 INCREMENTAR LA CALIDAD EN LA PRESTACIÓN DEL SERVICIO DE ATENCIÓN DE EMERGENCIAS A NIVEL NACIONAL | D20: INCREMENTAR LA MEJORA DE LOS SERVICIOS TECNOLÓGICOS DEL SIS ECU 911 MEDIANTE EL DESARROLLO DE PROYECTOS DE INNOVACIÓN Y DEMÁS INSTRUMENTOS RELATIVOS AL MEJORAMIENTO DE LA PRESTACIÓN DEL SERVICIO, FORTALECIMIENTO DE LA PLATAFORMA TECNOLÓGICA Y LA INCORPORACIÓN DE NUEVOS PRODUCTOS Y SERVICIOS PARA EL SIS ECU 911. | E20: PLANTA_CENTRAL | F20: DIRECCIÓN_GENERAL | G20: COORDINACIÓN GENERAL PROYECTO SAT | H20: =VLOOKUP(Tabla6[[#This Row],[DIRECCIÓN]],DIRECCIÓN[#All],2,0) -> OPERACIONES | I20: ADQUISICIÓN DE EQUIPOS PARA ASEGURAR LA OPERACIÓN, TRANSMISIÓN Y ALIMENTACIÓN DE DATOS, REGULACIÓN DE ENERGÍA Y PROTECCIÓN DE LA RED NACIONAL DE MONITOREO SÍSMICO | J20: 1 | K20: =VLOOKUP(Tabla6[[#This Row],[DIRECCIÓN GENERAL / COORDINACIÓN / SUBDIRECCIÓN]],Tabla37[[#All],[Columna1]:[EOD]],2,0) -> 266_9999 | L20: 55 | M20: 003 | N20: 2 | O20: 1701 | P20: =VLOOKUP(Tabla6[[#This Row],[GEO]],Listas!$A$48:$B$77,2,0) -> QUITO | Q20: 202 | R20: 9999 | S20: 9999 | T20: CAPITAL | U20: 84 | V20: 840104 | W20: =VLOOKUP(Tabla6[[#This Row],[ÍTEM PRESUPUESTARIO]],Tabla2[#All],2,0) -> MAQUINARIAS Y EQUIPOS | X20: 160073.43 | Y20: =160073.43-160073.43 -> 0 | Z20: 0 | AA20: 0 | AB20: 0 | AC20: 0 | AD20: 0 | AE20: 0 | AF20: 0 | AG20: 0 | AH20: 0 | AI20: 0 | AJ20: 0 | AK20: 0 | AL20: =+SUBTOTAL(9,Tabla6[[#This Row],[ENE]:[DIC]]) -> 0 | AM20: =IF(AL20=Y20,"OK",Y20-AL20) -> OK | AN20: 0 | AO20: =+Tabla6[[#This Row],[PRESUPUESTO VIGENTE]]-Tabla6[[#This Row],[CERTIFICACIÓN PAPP]] -> 0
A21: OBJETIVO 9: GARANTIZAR LA SEGURIDAD CIUDADANA, ORDEN PÚBLICO Y GESTIÓN DE RIESGOS | B21: =VLOOKUP(Tabla6[[#This Row],[OBJETIVOS PND]],Listas!$A$1:$B$3,2,0) -> 9.3 MPULSAR LA REDUCCIÓN DE RIESGOS DE DESASTRES Y ATENCIÓN OPORTUNA A EMERGENCIAS ANTE AMENAZAS NATURALES O ANTRÓPICAS EN TODOS LOS SECTORES Y NIVELES TERRITORIALES | C21: OE 1 INCREMENTAR LA CALIDAD EN LA PRESTACIÓN DEL SERVICIO DE ATENCIÓN DE EMERGENCIAS A NIVEL NACIONAL | D21: INCREMENTAR LA MEJORA DE LOS SERVICIOS TECNOLÓGICOS DEL SIS ECU 911 MEDIANTE EL DESARROLLO DE PROYECTOS DE INNOVACIÓN Y DEMÁS INSTRUMENTOS RELATIVOS AL MEJORAMIENTO DE LA PRESTACIÓN DEL SERVICIO, FORTALECIMIENTO DE LA PLATAFORMA TECNOLÓGICA Y LA INCORPORACIÓN DE NUEVOS PRODUCTOS Y SERVICIOS PARA EL SIS ECU 911. | E21: PLANTA_CENTRAL | F21: DIRECCIÓN_GENERAL | G21: COORDINACIÓN GENERAL PROYECTO SAT | H21: =VLOOKUP(Tabla6[[#This Row],[DIRECCIÓN]],DIRECCIÓN[#All],2,0) -> OPERACIONES | I21: ADQUISICIÓN, INSTALACIÓN Y PUESTA EN OPERACIÓN DE UNA ESTACIÓN TERRENA SATELITAL GRB (GOES-REBROADCAST) PARA RECEPCIÓN DE IMÁGENES DEL SATÉLITE GOES 16 | J21: 1 | K21: =VLOOKUP(Tabla6[[#This Row],[DIRECCIÓN GENERAL / COORDINACIÓN / SUBDIRECCIÓN]],Tabla37[[#All],[Columna1]:[EOD]],2,0) -> 266_9999 | L21: 55 | M21: 003 | N21: 2 | O21: 1701 | P21: =VLOOKUP(Tabla6[[#This Row],[GEO]],Listas!$A$48:$B$77,2,0) -> QUITO | Q21: 202 | R21: 9999 | S21: 9999 | T21: CAPITAL | U21: 84 | V21: 840104 | W21: =VLOOKUP(Tabla6[[#This Row],[ÍTEM PRESUPUESTARIO]],Tabla2[#All],2,0) -> MAQUINARIAS Y EQUIPOS | X21: 204288 | Y21: =204288-204288 -> 0 | Z21: 0 | AA21: 0 | AB21: 0 | AC21: 0 | AD21: 0 | AE21: 0 | AF21: 0 | AG21: 0 | AH21: 0 | AI21: 0 | AJ21: 0 | AK21: 0 | AL21: =+SUBTOTAL(9,Tabla6[[#This Row],[ENE]:[DIC]]) -> 0 | AM21: =IF(AL21=Y21,"OK",Y21-AL21) -> OK | AN21: 0 | AO21: =+Tabla6[[#This Row],[PRESUPUESTO VIGENTE]]-Tabla6[[#This Row],[CERTIFICACIÓN PAPP]] -> 0
A22: OBJETIVO 9: GARANTIZAR LA SEGURIDAD CIUDADANA, ORDEN PÚBLICO Y GESTIÓN DE RIESGOS | B22: =VLOOKUP(Tabla6[[#This Row],[OBJETIVOS PND]],Listas!$A$1:$B$3,2,0) -> 9.3 MPULSAR LA REDUCCIÓN DE RIESGOS DE DESASTRES Y ATENCIÓN OPORTUNA A EMERGENCIAS ANTE AMENAZAS NATURALES O ANTRÓPICAS EN TODOS LOS SECTORES Y NIVELES TERRITORIALES | C22: OE 1 INCREMENTAR LA CALIDAD EN LA PRESTACIÓN DEL SERVICIO DE ATENCIÓN DE EMERGENCIAS A NIVEL NACIONAL | D22: INCREMENTAR LA MEJORA DE LOS SERVICIOS TECNOLÓGICOS DEL SIS ECU 911 MEDIANTE EL DESARROLLO DE PROYECTOS DE INNOVACIÓN Y DEMÁS INSTRUMENTOS RELATIVOS AL MEJORAMIENTO DE LA PRESTACIÓN DEL SERVICIO, FORTALECIMIENTO DE LA PLATAFORMA TECNOLÓGICA Y LA INCORPORACIÓN DE NUEVOS PRODUCTOS Y SERVICIOS PARA EL SIS ECU 911. | E22: PLANTA_CENTRAL | F22: DIRECCIÓN_GENERAL | G22: COORDINACIÓN GENERAL PROYECTO SAT | H22: =VLOOKUP(Tabla6[[#This Row],[DIRECCIÓN]],DIRECCIÓN[#All],2,0) -> OPERACIONES | I22: ADQUISICIÓN E INSTALACIÓN DE EQUIPAMIENTO HIDROLÓGICO AUTOMÁTICO Y DE CINCO ESTACIONES HIDROLÓGICAS AUTOMÁTICAS (EHA) CON TRANSMISIÓN CELULAR Y SATELITAL GOES 16 PARA FORTALECER LA RED DE MONITOREO HIDROLÓGICO EN LAS CUENCAS DE LOS RÍOS PORTOVIEJO, CHONE Y CHONGÓN. | J22: 1 | K22: =VLOOKUP(Tabla6[[#This Row],[DIRECCIÓN GENERAL / COORDINACIÓN / SUBDIRECCIÓN]],Tabla37[[#All],[Columna1]:[EOD]],2,0) -> 266_9999 | L22: 55 | M22: 003 | N22: 2 | O22: 1701 | P22: =VLOOKUP(Tabla6[[#This Row],[GEO]],Listas!$A$48:$B$77,2,0) -> QUITO | Q22: 202 | R22: 9999 | S22: 9999 | T22: CAPITAL | U22: 84 | V22: 840104 | W22: =VLOOKUP(Tabla6[[#This Row],[ÍTEM PRESUPUESTARIO]],Tabla2[#All],2,0) -> MAQUINARIAS Y EQUIPOS | X22: 209854.4 | Y22: =209854.4-209854.4 -> 0 | Z22: 0 | AA22: 0 | AB22: 0 | AC22: 0 | AD22: 0 | AE22: 0 | AF22: 0 | AG22: 0 | AH22: 0 | AI22: 0 | AJ22: 0 | AK22: 0 | AL22: =+SUBTOTAL(9,Tabla6[[#This Row],[ENE]:[DIC]]) -> 0 | AM22: =IF(AL22=Y22,"OK",Y22-AL22) -> OK | AN22: 0 | AO22: =+Tabla6[[#This Row],[PRESUPUESTO VIGENTE]]-Tabla6[[#This Row],[CERTIFICACIÓN PAPP]] -> 0
A23: OBJETIVO 9: GARANTIZAR LA SEGURIDAD CIUDADANA, ORDEN PÚBLICO Y GESTIÓN DE RIESGOS | B23: =VLOOKUP(Tabla6[[#This Row],[OBJETIVOS PND]],Listas!$A$1:$B$3,2,0) -> 9.3 MPULSAR LA REDUCCIÓN DE RIESGOS DE DESASTRES Y ATENCIÓN OPORTUNA A EMERGENCIAS ANTE AMENAZAS NATURALES O ANTRÓPICAS EN TODOS LOS SECTORES Y NIVELES TERRITORIALES | C23: OE 1 INCREMENTAR LA CALIDAD EN LA PRESTACIÓN DEL SERVICIO DE ATENCIÓN DE EMERGENCIAS A NIVEL NACIONAL | D23: INCREMENTAR LA MEJORA DE LOS SERVICIOS TECNOLÓGICOS DEL SIS ECU 911 MEDIANTE EL DESARROLLO DE PROYECTOS DE INNOVACIÓN Y DEMÁS INSTRUMENTOS RELATIVOS AL MEJORAMIENTO DE LA PRESTACIÓN DEL SERVICIO, FORTALECIMIENTO DE LA PLATAFORMA TECNOLÓGICA Y LA INCORPORACIÓN DE NUEVOS PRODUCTOS Y SERVICIOS PARA EL SIS ECU 911. | E23: PLANTA_CENTRAL | F23: DIRECCIÓN_GENERAL | G23: COORDINACIÓN GENERAL PROYECTO SAT | H23: =VLOOKUP(Tabla6[[#This Row],[DIRECCIÓN]],DIRECCIÓN[#All],2,0) -> OPERACIONES | I23: ADQUISICIÓN E INSTALACIÓN DE ESTACIÓN TERRENA DE RECEPCIÓN DE DATOS DE ESTACIONES AUTOMÁTICAS CON TRANSMISIÓN SATELITAL GOES 16, PARA FORTALECER LA RED DE MONITOREO HIDROLÓGICO EN LAS CUENCAS DE LOS RÍOS PORTOVIEJO, CHONE Y CHONGÓN. | J23: 1 | K23: =VLOOKUP(Tabla6[[#This Row],[DIRECCIÓN GENERAL / COORDINACIÓN / SUBDIRECCIÓN]],Tabla37[[#All],[Columna1]:[EOD]],2,0) -> 266_9999 | L23: 55 | M23: 003 | N23: 2 | O23: 1701 | P23: =VLOOKUP(Tabla6[[#This Row],[GEO]],Listas!$A$48:$B$77,2,0) -> QUITO | Q23: 202 | R23: 9999 | S23: 9999 | T23: CAPITAL | U23: 84 | V23: 840104 | W23: =VLOOKUP(Tabla6[[#This Row],[ÍTEM PRESUPUESTARIO]],Tabla2[#All],2,0) -> MAQUINARIAS Y EQUIPOS | X23: 42452.48 | Y23: =42452.48-42452.48 -> 0 | Z23: 0 | AA23: 0 | AB23: 0 | AC23: 0 | AD23: 0 | AE23: 0 | AF23: 0 | AG23: 0 | AH23: 0 | AI23: 0 | AJ23: 0 | AK23: 0 | AL23: =+SUBTOTAL(9,Tabla6[[#This Row],[ENE]:[DIC]]) -> 0 | AM23: =IF(AL23=Y23,"OK",Y23-AL23) -> OK | AN23: 0 | AO23: =+Tabla6[[#This Row],[PRESUPUESTO VIGENTE]]-Tabla6[[#This Row],[CERTIFICACIÓN PAPP]] -> 0
A24: OBJETIVO 9: GARANTIZAR LA SEGURIDAD CIUDADANA, ORDEN PÚBLICO Y GESTIÓN DE RIESGOS | B24: =VLOOKUP(Tabla6[[#This Row],[OBJETIVOS PND]],Listas!$A$1:$B$3,2,0) -> 9.3 MPULSAR LA REDUCCIÓN DE RIESGOS DE DESASTRES Y ATENCIÓN OPORTUNA A EMERGENCIAS ANTE AMENAZAS NATURALES O ANTRÓPICAS EN TODOS LOS SECTORES Y NIVELES TERRITORIALES | C24: OE 1 INCREMENTAR LA CALIDAD EN LA PRESTACIÓN DEL SERVICIO DE ATENCIÓN DE EMERGENCIAS A NIVEL NACIONAL | D24: INCREMENTAR LA MEJORA DE LOS SERVICIOS TECNOLÓGICOS DEL SIS ECU 911 MEDIANTE EL DESARROLLO DE PROYECTOS DE INNOVACIÓN Y DEMÁS INSTRUMENTOS RELATIVOS AL MEJORAMIENTO DE LA PRESTACIÓN DEL SERVICIO, FORTALECIMIENTO DE LA PLATAFORMA TECNOLÓGICA Y LA INCORPORACIÓN DE NUEVOS PRODUCTOS Y SERVICIOS PARA EL SIS ECU 911. | E24: PLANTA_CENTRAL | F24: DIRECCIÓN_GENERAL | G24: COORDINACIÓN GENERAL PROYECTO SAT | H24: =VLOOKUP(Tabla6[[#This Row],[DIRECCIÓN]],DIRECCIÓN[#All],2,0) -> OPERACIONES | I24: ADQUISICIÓN Y PUESTA EN MARCHA DE 5 ESTACIONES MAREOGRÁFICAS AUTOMÁTICAS CON SENSORES DE PRESIÓN Y DE RADAR, QUE INCLUYE UN SET DE REPUESTOS. | J24: 1 | K24: =VLOOKUP(Tabla6[[#This Row],[DIRECCIÓN GENERAL / COORDINACIÓN / SUBDIRECCIÓN]],Tabla37[[#All],[Columna1]:[EOD]],2,0) -> 266_9999 | L24: 55 | M24: 003 | N24: 2 | O24: 1701 | P24: =VLOOKUP(Tabla6[[#This Row],[GEO]],Listas!$A$48:$B$77,2,0) -> QUITO | Q24: 202 | R24: 9999 | S24: 9999 | T24: CAPITAL | U24: 84 | V24: 840104 | W24: =VLOOKUP(Tabla6[[#This Row],[ÍTEM PRESUPUESTARIO]],Tabla2[#All],2,0) -> MAQUINARIAS Y EQUIPOS | X24: 8151.36 | Y24: =8151.36-8151.36 -> 0 | Z24: 0 | AA24: 0 | AB24: 0 | AC24: 0 | AD24: 0 | AE24: 0 | AF24: 0 | AG24: 0 | AH24: 0 | AI24: 0 | AJ24: 0 | AK24: 0 | AL24: =+SUBTOTAL(9,Tabla6[[#This Row],[ENE]:[DIC]]) -> 0 | AM24: =IF(AL24=Y24,"OK",Y24-AL24) -> OK | AN24: 0 | AO24: =+Tabla6[[#This Row],[PRESUPUESTO VIGENTE]]-Tabla6[[#This Row],[CERTIFICACIÓN PAPP]] -> 0
A25: OBJETIVO 9: GARANTIZAR LA SEGURIDAD CIUDADANA, ORDEN PÚBLICO Y GESTIÓN DE RIESGOS | B25: =VLOOKUP(Tabla6[[#This Row],[OBJETIVOS PND]],Listas!$A$1:$B$3,2,0) -> 9.3 MPULSAR LA REDUCCIÓN DE RIESGOS DE DESASTRES Y ATENCIÓN OPORTUNA A EMERGENCIAS ANTE AMENAZAS NATURALES O ANTRÓPICAS EN TODOS LOS SECTORES Y NIVELES TERRITORIALES | C25: OE 1 INCREMENTAR LA CALIDAD EN LA PRESTACIÓN DEL SERVICIO DE ATENCIÓN DE EMERGENCIAS A NIVEL NACIONAL | D25: INCREMENTAR LA MEJORA DE LOS SERVICIOS TECNOLÓGICOS DEL SIS ECU 911 MEDIANTE EL DESARROLLO DE PROYECTOS DE INNOVACIÓN Y DEMÁS INSTRUMENTOS RELATIVOS AL MEJORAMIENTO DE LA PRESTACIÓN DEL SERVICIO, FORTALECIMIENTO DE LA PLATAFORMA TECNOLÓGICA Y LA INCORPORACIÓN DE NUEVOS PRODUCTOS Y SERVICIOS PARA EL SIS ECU 911. | E25: PLANTA_CENTRAL | F25: DIRECCIÓN_GENERAL | G25: COORDINACIÓN GENERAL PROYECTO SAT | H25: =VLOOKUP(Tabla6[[#This Row],[DIRECCIÓN]],DIRECCIÓN[#All],2,0) -> OPERACIONES | I25: ADQUISICIÓN, INSTALACIÓN Y PUESTA EN MARCHA DE UN (01) SISTEMA DE RADAR MARINO DE ALTA FRECUENCIA (HF – HIGH FREQUENCY) EN LA COSTA DEL ECUADOR | J25: 1 | K25: =VLOOKUP(Tabla6[[#This Row],[DIRECCIÓN GENERAL / COORDINACIÓN / SUBDIRECCIÓN]],Tabla37[[#All],[Columna1]:[EOD]],2,0) -> 266_9999 | L25: 55 | M25: 003 | N25: 2 | O25: 1701 | P25: =VLOOKUP(Tabla6[[#This Row],[GEO]],Listas!$A$48:$B$77,2,0) -> QUITO | Q25: 202 | R25: 9999 | S25: 9999 | T25: CAPITAL | U25: 84 | V25: 840104 | W25: =VLOOKUP(Tabla6[[#This Row],[ÍTEM PRESUPUESTARIO]],Tabla2[#All],2,0) -> MAQUINARIAS Y EQUIPOS | X25: 600130 | Y25: =600130-600130 -> 0 | Z25: 0 | AA25: 0 | AB25: 0 | AC25: 0 | AD25: 0 | AE25: 0 | AF25: 0 | AG25: 0 | AH25: 0 | AI25: 0 | AJ25: 0 | AK25: 0 | AL25: =+SUBTOTAL(9,Tabla6[[#This Row],[ENE]:[DIC]]) -> 0 | AM25: =IF(AL25=Y25,"OK",Y25-AL25) -> OK | AN25: 0 | AO25: =+Tabla6[[#This Row],[PRESUPUESTO VIGENTE]]-Tabla6[[#This Row],[CERTIFICACIÓN PAPP]] -> 0
A26: OBJETIVO 9: GARANTIZAR LA SEGURIDAD CIUDADANA, ORDEN PÚBLICO Y GESTIÓN DE RIESGOS | B26: =VLOOKUP(Tabla6[[#This Row],[OBJETIVOS PND]],Listas!$A$1:$B$3,2,0) -> 9.3 MPULSAR LA REDUCCIÓN DE RIESGOS DE DESASTRES Y ATENCIÓN OPORTUNA A EMERGENCIAS ANTE AMENAZAS NATURALES O ANTRÓPICAS EN TODOS LOS SECTORES Y NIVELES TERRITORIALES | C26: OE 1 INCREMENTAR LA CALIDAD EN LA PRESTACIÓN DEL SERVICIO DE ATENCIÓN DE EMERGENCIAS A NIVEL NACIONAL | D26: INCREMENTAR LA MEJORA DE LOS SERVICIOS TECNOLÓGICOS DEL SIS ECU 911 MEDIANTE EL DESARROLLO DE PROYECTOS DE INNOVACIÓN Y DEMÁS INSTRUMENTOS RELATIVOS AL MEJORAMIENTO DE LA PRESTACIÓN DEL SERVICIO, FORTALECIMIENTO DE LA PLATAFORMA TECNOLÓGICA Y LA INCORPORACIÓN DE NUEVOS PRODUCTOS Y SERVICIOS PARA EL SIS ECU 911. | E26: PLANTA_CENTRAL | F26: DIRECCIÓN_GENERAL | G26: COORDINACIÓN GENERAL PROYECTO SAT | H26: =VLOOKUP(Tabla6[[#This Row],[DIRECCIÓN]],DIRECCIÓN[#All],2,0) -> OPERACIONES | I26: ADQUISICIÓN DE 3 DIGITALIZADORES SÍSMICOS PARA LA CALIBRACIÓN DE LOS SENSORES QUE CONFORMAN LA RED SÍSMICA DEL INSTITUTO GEOFÍSICO ANTE TSUNAMIS | J26: 1 | K26: =VLOOKUP(Tabla6[[#This Row],[DIRECCIÓN GENERAL / COORDINACIÓN / SUBDIRECCIÓN]],Tabla37[[#All],[Columna1]:[EOD]],2,0) -> 266_9999 | L26: 55 | M26: 003 | N26: 2 | O26: 1701 | P26: =VLOOKUP(Tabla6[[#This Row],[GEO]],Listas!$A$48:$B$77,2,0) -> QUITO | Q26: 202 | R26: 9999 | S26: 9999 | T26: CAPITAL | U26: 84 | V26: 840104 | W26: =VLOOKUP(Tabla6[[#This Row],[ÍTEM PRESUPUESTARIO]],Tabla2[#All],2,0) -> MAQUINARIAS Y EQUIPOS | X26: 31358.69 | Y26: =31358.69-31358.69 -> 0 | Z26: 0 | AA26: 0 | AB26: 0 | AC26: 0 | AD26: 0 | AE26: 0 | AF26: 0 | AG26: 0 | AH26: 0 | AI26: 0 | AJ26: 0 | AK26: 0 | AL26: =+SUBTOTAL(9,Tabla6[[#This Row],[ENE]:[DIC]]) -> 0 | AM26: =IF(AL26=Y26,"OK",Y26-AL26) -> OK | AN26: 0 | AO26: =+Tabla6[[#This Row],[PRESUPUESTO VIGENTE]]-Tabla6[[#This Row],[CERTIFICACIÓN PAPP]] -> 0
A27: OBJETIVO 9: GARANTIZAR LA SEGURIDAD CIUDADANA, ORDEN PÚBLICO Y GESTIÓN DE RIESGOS | B27: =VLOOKUP(Tabla6[[#This Row],[OBJETIVOS PND]],Listas!$A$1:$B$3,2,0) -> 9.3 MPULSAR LA REDUCCIÓN DE RIESGOS DE DESASTRES Y ATENCIÓN OPORTUNA A EMERGENCIAS ANTE AMENAZAS NATURALES O ANTRÓPICAS EN TODOS LOS SECTORES Y NIVELES TERRITORIALES | C27: OE 1 INCREMENTAR LA CALIDAD EN LA PRESTACIÓN DEL SERVICIO DE ATENCIÓN DE EMERGENCIAS A NIVEL NACIONAL | D27: INCREMENTAR LA MEJORA DE LOS SERVICIOS TECNOLÓGICOS DEL SIS ECU 911 MEDIANTE EL DESARROLLO DE PROYECTOS DE INNOVACIÓN Y DEMÁS INSTRUMENTOS RELATIVOS AL MEJORAMIENTO DE LA PRESTACIÓN DEL SERVICIO, FORTALECIMIENTO DE LA PLATAFORMA TECNOLÓGICA Y LA INCORPORACIÓN DE NUEVOS PRODUCTOS Y SERVICIOS PARA EL SIS ECU 911. | E27: PLANTA_CENTRAL | F27: DIRECCIÓN_GENERAL | G27: COORDINACIÓN GENERAL PROYECTO SAT | H27: =VLOOKUP(Tabla6[[#This Row],[DIRECCIÓN]],DIRECCIÓN[#All],2,0) -> OPERACIONES | I27: ADQUISICIÓN DE PANTALLAS LCD DE LOS CENTROS OPERATIVOS DE MACHALA, GALAPAGOS, SAMBORONDON Y PORTOVIEJO PARA REPOTENCIAR EL SUBSISTEMA DE VISUALIZACION QUE MONITOREA LOS SISTEMAS DE ALERTA TEMPRANA | J27: 1 | K27: =VLOOKUP(Tabla6[[#This Row],[DIRECCIÓN GENERAL / COORDINACIÓN / SUBDIRECCIÓN]],Tabla37[[#All],[Columna1]:[EOD]],2,0) -> 266_9999 | L27: 55 | M27: 003 | N27: 2 | O27: 1701 | P27: =VLOOKUP(Tabla6[[#This Row],[GEO]],Listas!$A$48:$B$77,2,0) -> QUITO | Q27: 202 | R27: 2002 | S27: 5072 | T27: CAPITAL | U27: 84 | V27: 840104 | W27: =VLOOKUP(Tabla6[[#This Row],[ÍTEM PRESUPUESTARIO]],Tabla2[#All],2,0) -> MAQUINARIAS Y EQUIPOS | X27: 182248.64 | Y27: =182248.64-130323.18 -> 51925.46 | Z27: 0 | AA27: 0 | AB27: 0 | AC27: 51925.46 | AD27: 0 | AE27: 0 | AF27: 0 | AG27: 0 | AH27: 0 | AI27: 0 | AJ27: 0 | AK27: 0 | AL27: =+SUBTOTAL(9,Tabla6[[#This Row],[ENE]:[DIC]]) -> 51925.46 | AM27: =IF(AL27=Y27,"OK",Y27-AL27) -> OK | AN27: =162722-162722+51925.46-51023 -> 902.46 | AO27: =+Tabla6[[#This Row],[PRESUPUESTO VIGENTE]]-Tabla6[[#This Row],[CERTIFICACIÓN PAPP]] -> 51023
A28: OBJETIVO 9: GARANTIZAR LA SEGURIDAD CIUDADANA, ORDEN PÚBLICO Y GESTIÓN DE RIESGOS | B28: =VLOOKUP(Tabla6[[#This Row],[OBJETIVOS PND]],Listas!$A$1:$B$3,2,0) -> 9.3 MPULSAR LA REDUCCIÓN DE RIESGOS DE DESASTRES Y ATENCIÓN OPORTUNA A EMERGENCIAS ANTE AMENAZAS NATURALES O ANTRÓPICAS EN TODOS LOS SECTORES Y NIVELES TERRITORIALES | C28: OE 1 INCREMENTAR LA CALIDAD EN LA PRESTACIÓN DEL SERVICIO DE ATENCIÓN DE EMERGENCIAS A NIVEL NACIONAL | D28: INCREMENTAR LA MEJORA DE LOS SERVICIOS TECNOLÓGICOS DEL SIS ECU 911 MEDIANTE EL DESARROLLO DE PROYECTOS DE INNOVACIÓN Y DEMÁS INSTRUMENTOS RELATIVOS AL MEJORAMIENTO DE LA PRESTACIÓN DEL SERVICIO, FORTALECIMIENTO DE LA PLATAFORMA TECNOLÓGICA Y LA INCORPORACIÓN DE NUEVOS PRODUCTOS Y SERVICIOS PARA EL SIS ECU 911. | E28: PLANTA_CENTRAL | F28: DIRECCIÓN_GENERAL | G28: COORDINACIÓN GENERAL PROYECTO SAT | H28: =VLOOKUP(Tabla6[[#This Row],[DIRECCIÓN]],DIRECCIÓN[#All],2,0) -> OPERACIONES | I28: ADQUISICIÓN E INSTALACIÓN DE EQUIPOS COMPUTACIONALES, QUE INCLUYE SERVIDORES, ALMACENAMIENTO, SWITCH SAN Y RACK. | J28: 1 | K28: =VLOOKUP(Tabla6[[#This Row],[DIRECCIÓN GENERAL / COORDINACIÓN / SUBDIRECCIÓN]],Tabla37[[#All],[Columna1]:[EOD]],2,0) -> 266_9999 | L28: 55 | M28: 003 | N28: 2 | O28: 1701 | P28: =VLOOKUP(Tabla6[[#This Row],[GEO]],Listas!$A$48:$B$77,2,0) -> QUITO | Q28: 202 | R28: 9999 | S28: 9999 | T28: CAPITAL | U28: 84 | V28: 840107 | W28: =VLOOKUP(Tabla6[[#This Row],[ÍTEM PRESUPUESTARIO]],Tabla2[#All],2,0) -> EQUIPOS SISTEMAS Y PAQUETES INFORMÁTICOS | X28: 168672.41 | Y28: =168672.41-168672.41 -> 0 | Z28: 0 | AA28: 0 | AB28: 0 | AC28: 0 | AD28: 0 | AE28: 0 | AF28: 0 | AG28: 0 | AH28: 0 | AI28: 0 | AJ28: 0 | AK28: 0 | AL28: =+SUBTOTAL(9,Tabla6[[#This Row],[ENE]:[DIC]]) -> 0 | AM28: =IF(AL28=Y28,"OK",Y28-AL28) -> OK | AN28: 0 | AO28: =+Tabla6[[#This Row],[PRESUPUESTO VIGENTE]]-Tabla6[[#This Row],[CERTIFICACIÓN PAPP]] -> 0
A29: OBJETIVO 9: GARANTIZAR LA SEGURIDAD CIUDADANA, ORDEN PÚBLICO Y GESTIÓN DE RIESGOS | B29: =VLOOKUP(Tabla6[[#This Row],[OBJETIVOS PND]],Listas!$A$1:$B$3,2,0) -> 9.3 MPULSAR LA REDUCCIÓN DE RIESGOS DE DESASTRES Y ATENCIÓN OPORTUNA A EMERGENCIAS ANTE AMENAZAS NATURALES O ANTRÓPICAS EN TODOS LOS SECTORES Y NIVELES TERRITORIALES | C29: OE 1 INCREMENTAR LA CALIDAD EN LA PRESTACIÓN DEL SERVICIO DE ATENCIÓN DE EMERGENCIAS A NIVEL NACIONAL | D29: INCREMENTAR LA MEJORA DE LOS SERVICIOS TECNOLÓGICOS DEL SIS ECU 911 MEDIANTE EL DESARROLLO DE PROYECTOS DE INNOVACIÓN Y DEMÁS INSTRUMENTOS RELATIVOS AL MEJORAMIENTO DE LA PRESTACIÓN DEL SERVICIO, FORTALECIMIENTO DE LA PLATAFORMA TECNOLÓGICA Y LA INCORPORACIÓN DE NUEVOS PRODUCTOS Y SERVICIOS PARA EL SIS ECU 911. | E29: PLANTA_CENTRAL | F29: DIRECCIÓN_GENERAL | G29: COORDINACIÓN GENERAL PROYECTO SAT | H29: =VLOOKUP(Tabla6[[#This Row],[DIRECCIÓN]],DIRECCIÓN[#All],2,0) -> OPERACIONES | I29: ADQUISICIÓN DE PANTALLAS LCD DE LOS CENTROS OPERATIVOS DE MACHALA, GALAPAGOS, SAMBORONDON Y PORTOVIEJO PARA REPOTENCIAR EL SUBSISTEMA DE VISUALIZACION QUE MONITOREA LOS SISTEMAS DE ALERTA TEMPRANA | J29: 1 | K29: =VLOOKUP(Tabla6[[#This Row],[DIRECCIÓN GENERAL / COORDINACIÓN / SUBDIRECCIÓN]],Tabla37[[#All],[Columna1]:[EOD]],2,0) -> 266_9999 | L29: 55 | M29: 003 | N29: 2 | O29: 1701 | P29: =VLOOKUP(Tabla6[[#This Row],[GEO]],Listas!$A$48:$B$77,2,0) -> QUITO | Q29: 202 | R29: 8888 | S29: 8888 | T29: CAPITAL | U29: 84 | V29: 840104 | W29: =VLOOKUP(Tabla6[[#This Row],[ÍTEM PRESUPUESTARIO]],Tabla2[#All],2,0) -> MAQUINARIAS Y EQUIPOS | X29: 0 | Y29: 111699 | Z29: 0 | AA29: 0 | AB29: 0 | AC29: 0 | AD29: 0 | AE29: 111699 | AF29: 0 | AG29: 0 | AH29: 0 | AI29: 0 | AJ29: 0 | AK29: 0 | AL29: =+SUBTOTAL(9,Tabla6[[#This Row],[ENE]:[DIC]]) -> 111699 | AM29: =IF(AL29=Y29,"OK",Y29-AL29) -> OK | AN29: =162722-51023 -> 111699 | AO29: =+Tabla6[[#This Row],[PRESUPUESTO VIGENTE]]-Tabla6[[#This Row],[CERTIFICACIÓN PAPP]] -> 0
A30: OBJETIVO 9: GARANTIZAR LA SEGURIDAD CIUDADANA, ORDEN PÚBLICO Y GESTIÓN DE RIESGOS | B30: =VLOOKUP(Tabla6[[#This Row],[OBJETIVOS PND]],Listas!$A$1:$B$3,2,0) -> 9.3 MPULSAR LA REDUCCIÓN DE RIESGOS DE DESASTRES Y ATENCIÓN OPORTUNA A EMERGENCIAS ANTE AMENAZAS NATURALES O ANTRÓPICAS EN TODOS LOS SECTORES Y NIVELES TERRITORIALES | C30: OE 1 INCREMENTAR LA CALIDAD EN LA PRESTACIÓN DEL SERVICIO DE ATENCIÓN DE EMERGENCIAS A NIVEL NACIONAL | D30: INCREMENTAR LA MEJORA DE LOS SERVICIOS TECNOLÓGICOS DEL SIS ECU 911 MEDIANTE EL DESARROLLO DE PROYECTOS DE INNOVACIÓN Y DEMÁS INSTRUMENTOS RELATIVOS AL MEJORAMIENTO DE LA PRESTACIÓN DEL SERVICIO, FORTALECIMIENTO DE LA PLATAFORMA TECNOLÓGICA Y LA INCORPORACIÓN DE NUEVOS PRODUCTOS Y SERVICIOS PARA EL SIS ECU 911. | E30: PLANTA_CENTRAL | F30: DIRECCIÓN_GENERAL | G30: COORDINACIÓN GENERAL PROYECTO SAT | H30: =VLOOKUP(Tabla6[[#This Row],[DIRECCIÓN]],DIRECCIÓN[#All],2,0) -> OPERACIONES | I30: ADQUISICIÓN DE EQUIPOS DE CLIMATIZACIÓN PARA LOS CENTROS ZONALES Y CENTROS LOCALES DEL PERFIL COSTERO, DEL SERVICIO INTEGRADO DE SEGURIDAD ECU 911 | J30: 1 | K30: =VLOOKUP(Tabla6[[#This Row],[DIRECCIÓN GENERAL / COORDINACIÓN / SUBDIRECCIÓN]],Tabla37[[#All],[Columna1]:[EOD]],2,0) -> 266_9999 | L30: 55 | M30: 003 | N30: 2 | O30: 1701 | P30: =VLOOKUP(Tabla6[[#This Row],[GEO]],Listas!$A$48:$B$77,2,0) -> QUITO | Q30: 202 | R30: 8888 | S30: 8888 | T30: CAPITAL | U30: 84 | V30: 840104 | W30: =VLOOKUP(Tabla6[[#This Row],[ÍTEM PRESUPUESTARIO]],Tabla2[#All],2,0) -> MAQUINARIAS Y EQUIPOS | X30: 0 | Y30: =675009+51023-200812 -> 525220 | Z30: 0 | AA30: 0 | AB30: 0 | AC30: 0 | AD30: 525220 | AE30: 0 | AF30: 0 | AG30: 0 | AH30: 0 | AI30: 0 | AJ30: 0 | AK30: 0 | AL30: =+SUBTOTAL(9,Tabla6[[#This Row],[ENE]:[DIC]]) -> 525220 | AM30: =IF(AL30=Y30,"OK",Y30-AL30) -> OK | AN30: 510428.25 | AO30: =+Tabla6[[#This Row],[PRESUPUESTO VIGENTE]]-Tabla6[[#This Row],[CERTIFICACIÓN PAPP]] -> 14791.75
A31: OBJETIVO 9: GARANTIZAR LA SEGURIDAD CIUDADANA, ORDEN PÚBLICO Y GESTIÓN DE RIESGOS | B31: =VLOOKUP(Tabla6[[#This Row],[OBJETIVOS PND]],Listas!$A$1:$B$3,2,0) -> 9.3 MPULSAR LA REDUCCIÓN DE RIESGOS DE DESASTRES Y ATENCIÓN OPORTUNA A EMERGENCIAS ANTE AMENAZAS NATURALES O ANTRÓPICAS EN TODOS LOS SECTORES Y NIVELES TERRITORIALES | C31: OE 1 INCREMENTAR LA CALIDAD EN LA PRESTACIÓN DEL SERVICIO DE ATENCIÓN DE EMERGENCIAS A NIVEL NACIONAL | D31: INCREMENTAR LA MEJORA DE LOS SERVICIOS TECNOLÓGICOS DEL SIS ECU 911 MEDIANTE EL DESARROLLO DE PROYECTOS DE INNOVACIÓN Y DEMÁS INSTRUMENTOS RELATIVOS AL MEJORAMIENTO DE LA PRESTACIÓN DEL SERVICIO, FORTALECIMIENTO DE LA PLATAFORMA TECNOLÓGICA Y LA INCORPORACIÓN DE NUEVOS PRODUCTOS Y SERVICIOS PARA EL SIS ECU 911. | E31: PLANTA_CENTRAL | F31: DIRECCIÓN_GENERAL | G31: COORDINACIÓN GENERAL PROYECTO SAT | H31: =VLOOKUP(Tabla6[[#This Row],[DIRECCIÓN]],DIRECCIÓN[#All],2,0) -> OPERACIONES | I31: ADQUISICIÓN DE EQUIPOS DE CLIMATIZACIÓN PARA LOS CENTROS ZONALES Y CENTROS LOCALES DEL PERFIL COSTERO, DEL SERVICIO INTEGRADO DE SEGURIDAD ECU 911 | J31: 1 | K31: =VLOOKUP(Tabla6[[#This Row],[DIRECCIÓN GENERAL / COORDINACIÓN / SUBDIRECCIÓN]],Tabla37[[#All],[Columna1]:[EOD]],2,0) -> 266_9999 | L31: 55 | M31: 003 | N31: 2 | O31: 1701 | P31: =VLOOKUP(Tabla6[[#This Row],[GEO]],Listas!$A$48:$B$77,2,0) -> QUITO | Q31: 202 | R31: 8888 | S31: 8888 | T31: CAPITAL | U31: 84 | V31: 840107 | W31: =VLOOKUP(Tabla6[[#This Row],[ÍTEM PRESUPUESTARIO]],Tabla2[#All],2,0) -> EQUIPOS SISTEMAS Y PAQUETES INFORMÁTICOS | X31: 0 | Y31: 200812 | Z31: 0 | AA31: 0 | AB31: 0 | AC31: 0 | AD31: 0 | AE31: 0 | AF31: 0 | AG31: 0 | AH31: 0 | AI31: 0 | AJ31: 0 | AK31: 200812 | AL31: =+SUBTOTAL(9,Tabla6[[#This Row],[ENE]:[DIC]]) -> 200812 | AM31: =IF(AL31=Y31,"OK",Y31-AL31) -> OK | AN31: 200812 | AO31: =+Tabla6[[#This Row],[PRESUPUESTO VIGENTE]]-Tabla6[[#This Row],[CERTIFICACIÓN PAPP]] -> 0
A32: OBJETIVO 9: GARANTIZAR LA SEGURIDAD CIUDADANA, ORDEN PÚBLICO Y GESTIÓN DE RIESGOS | B32: =VLOOKUP(Tabla6[[#This Row],[OBJETIVOS PND]],Listas!$A$1:$B$3,2,0) -> 9.3 MPULSAR LA REDUCCIÓN DE RIESGOS DE DESASTRES Y ATENCIÓN OPORTUNA A EMERGENCIAS ANTE AMENAZAS NATURALES O ANTRÓPICAS EN TODOS LOS SECTORES Y NIVELES TERRITORIALES | C32: OE 1 INCREMENTAR LA CALIDAD EN LA PRESTACIÓN DEL SERVICIO DE ATENCIÓN DE EMERGENCIAS A NIVEL NACIONAL | D32: INCREMENTAR LA MEJORA DE LOS SERVICIOS TECNOLÓGICOS DEL SIS ECU 911 MEDIANTE EL DESARROLLO DE PROYECTOS DE INNOVACIÓN Y DEMÁS INSTRUMENTOS RELATIVOS AL MEJORAMIENTO DE LA PRESTACIÓN DEL SERVICIO, FORTALECIMIENTO DE LA PLATAFORMA TECNOLÓGICA Y LA INCORPORACIÓN DE NUEVOS PRODUCTOS Y SERVICIOS PARA EL SIS ECU 911. | E32: PLANTA_CENTRAL | F32: DIRECCIÓN_GENERAL | G32: COORDINACIÓN GENERAL PROYECTO SAT | H32: =VLOOKUP(Tabla6[[#This Row],[DIRECCIÓN]],DIRECCIÓN[#All],2,0) -> OPERACIONES | I32: ADQUISICIÓN DE EQUIPOS PARA FORTALECER LA CAPACIDAD DE MONITOREO | J32: 1 | K32: =VLOOKUP(Tabla6[[#This Row],[DIRECCIÓN GENERAL / COORDINACIÓN / SUBDIRECCIÓN]],Tabla37[[#All],[Columna1]:[EOD]],2,0) -> 266_9999 | L32: 55 | M32: 003 | N32: 2 | O32: 1701 | P32: =VLOOKUP(Tabla6[[#This Row],[GEO]],Listas!$A$48:$B$77,2,0) -> QUITO | Q32: 202 | R32: 8888 | S32: 8888 | T32: CAPITAL | U32: 84 | V32: 840107 | W32: =VLOOKUP(Tabla6[[#This Row],[ÍTEM PRESUPUESTARIO]],Tabla2[#All],2,0) -> EQUIPOS SISTEMAS Y PAQUETES INFORMÁTICOS | X32: 837731 | Y32: =837731-162722-675009 -> 0 | Z32: 0 | AA32: 0 | AB32: 0 | AC32: 0 | AD32: 0 | AE32: 0 | AF32: 0 | AG32: 0 | AH32: 0 | AI32: 0 | AJ32: 0 | AK32: 0 | AL32: =+SUBTOTAL(9,Tabla6[[#This Row],[ENE]:[DIC]]) -> 0 | AM32: =IF(AL32=Y32,"OK",Y32-AL32) -> OK | AN32: 0 | AO32: =+Tabla6[[#This Row],[PRESUPUESTO VIGENTE]]-Tabla6[[#This Row],[CERTIFICACIÓN PAPP]] -> 0
A33: TOTALES | X33: =SUM(X9:X32) -> 2848145.7 | Y33: =SUM(Y9:Y32) -> 919006.46 | Z33: =SUM(Z9:Z32) -> 0 | AA33: =SUM(AA9:AA32) -> 0 | AB33: =SUM(AB9:AB32) -> 4150 | AC33: =SUM(AC9:AC32) -> 51925.46 | AD33: =SUM(AD9:AD32) -> 536848.57 | AE33: =SUM(AE9:AE32) -> 121699 | ... AO33: =SUM(AO9:AO32) -> 80343.32

Sheet Listas
A1: OBJETIVOS | B1: POLÍTICAS | C1: PG | E1: OBJETIVOS ESTRATÉGICOS | G1: OBJETIVOS OPERATIVOS | I1: PLANTA | K1: DIRECCIÓN GENERAL / COORDINACIÓN / SUBDIRECCIÓN | M1: DIRECCIÓN | N1: Columna1 | Q1: ÍTEM PRESUPUESTARIO | R1: DESCRIPCIÓN ÍTEM PRESUPUESTARIO
A2: OBJETIVO 14: FORTALECER LAS CAPACIDADES DEL ESTADO CON ÉNFASIS EN LA ADMINISTRACIÓN DE JUSTICIA Y EFICIENCIA EN LOS PROCESOS DE REGULACIÓN Y CONTROL CON INDEPENDENCIA Y AUTONOMÍA. | B2: 14.2 POTENCIAR LAS CAPACIDADES DE LOS DISTINTOS NIVELES DE GOBIERNO PARA EL CUMPLIMIENTO DE LOS OBJETIVOS NACIONALES Y LA PRESTACIÓN DE SERVICIOS CON CALIDAD | C2: 1 | E2: OE 1 INCREMENTAR LA CALIDAD EN LA PRESTACIÓN DEL SERVICIO DE ATENCIÓN DE EMERGENCIAS A NIVEL NACIONAL | G2: MANTENER LA EFICAZ OPERACIÓN DE LA INFRAESTRUCTURA BASE Y DE LA PLATAFORMA TECNOLÓGICA DEL SERVICIO INTEGRADO DE SEGURIDAD ECU 911 A NIVEL NACIONAL MEDIANTE LA PLANIFICACIÓN, IMPLEMENTACIÓN Y CONTROL, DE NORMAS, PROCESOS Y HERRAMIENTAS APLICADAS, DESARROLLANDO Y MEJORANDO LOS SERVICIOS CON RECURSOS Y COMPONENTES TECNOLÓGICOS. | I2: COORDINACIÓN_ZONAL | K2: COORDINACIÓN_GENERAL_ADMINISTRATIVA_FINANCIERA | M2: DIRECCIÓN ADMINISTRATIVA | N2: ADMINISTRACIÓN CENTRAL | Q2: 510105 | R2: REMUNERACIONES UNIFICADAS
A3: OBJETIVO 9: GARANTIZAR LA SEGURIDAD CIUDADANA, ORDEN PÚBLICO Y GESTIÓN DE RIESGOS | B3: 9.3 MPULSAR LA REDUCCIÓN DE RIESGOS DE DESASTRES Y ATENCIÓN OPORTUNA A EMERGENCIAS ANTE AMENAZAS NATURALES O ANTRÓPICAS EN TODOS LOS SECTORES Y NIVELES TERRITORIALES | C3: 55 | E3: OE 2 INCREMENTAR LA ARTICULACIÓN INTERINSTITUCIONAL EN LA PRESTACIÓN DE SERVICIOS DE ATENCIÓN DE EMERGENCIAS | G3: INCREMENTAR LA MEJORA DE LOS SERVICIOS TECNOLÓGICOS DEL SIS ECU 911 MEDIANTE EL DESARROLLO DE PROYECTOS DE INNOVACIÓN Y DEMÁS INSTRUMENTOS RELATIVOS AL MEJORAMIENTO DE LA PRESTACIÓN DEL SERVICIO, FORTALECIMIENTO DE LA PLATAFORMA TECNOLÓGICA Y LA INCORPORACIÓN DE NUEVOS PRODUCTOS Y SERVICIOS PARA EL SIS ECU 911. | I3: PLANTA_CENTRAL | K3: COORDINACIÓN_ZONAL_1 | M3: DIRECCIÓN DE ADMINISTRACIÓN DE RECURSOS HUMANOS | N3: ADMINISTRACIÓN CENTRAL | Q3: 510106 | R3: SALARIOS UNIFICADOS
E4: OE 3 INCREMENTAR EL POSICIONAMIENTO DEL SERVICIO INTEGRADO DE SEGURIDAD ECU 911 A NIVEL NACIONAL E INTERNACIONAL | G4: INCREMENTAR LA EFICIENCIA Y EFICACIA DE LA PRESTACIÓN DEL SERVICIO PÚBLICO DE COORDINACIÓN PARA LA ATENCIÓN DE EMERGENCIAS CIUDADANAS QUE PRESTA EL SIS ECU 911 A NIVEL NACIONAL MEDIANTE LA IMPLEMENTACIÓN DE PLANES DE MEJORA CONTINUA, SEGUIMIENTO Y CONTROL DE EJECUCIÓN DE PROTOCOLOS, PROCESOS Y PROCEDIMIENTOS OPERATIVOS. | K4: COORDINACIÓN_ZONAL_2 _-_9 | M4: DIRECCIÓN DE ASESORÍA JURÍDICA | N4: ADMINISTRACIÓN CENTRAL | Q4: 510203 | R4: DÉCIMO TERCER SUELDO
E5: OE 4 FORTALECER LAS CAPACIDADES INSTITUCIONALES (PARA LA MEJORA CONTINUA DEL SERVICIO) | G5: INCREMENTAR LA EFICIENCIA Y EFICACIA EN LAS RELACIONES Y COORDINACIONES CON LAS INSTITUCIONES Y ORGANISMOS NACIONALES E INTERNACIONALES VINCULADAS AL SIS ECU 911 MEDIANTE EL FORTALECIMIENTO DEL CICLO DE COORDINACIÓN INTERINSTITUCIONAL EN LA PRESTACIÓN DE SERVICIOS DE EMERGENCIA Y LA IMPLEMENTACIÓN DE LOS COMPROMISOS Y ACUERDOS INTERINSTITUCIONALES. | K5: COORDINACIÓN_ZONAL_3 | M5: DIRECCIÓN DE COMUNICACIÓN SOCIAL | N5: COMUNICACIÓN SOCIAL | Q5: 510204 | R5: DÉCIMO CUARTO SUELDO
G6: INCREMENTAR LA CALIDAD DE LA GENERACIÓN DE INFORMACIÓN ESTADÍSTICA DE MANERA OPORTUNA MEDIANTE EL DESARROLLO Y MEJORA DE REPORTES ESTADÍSTICOS Y ESTUDIOS RELACIONADOS CON LOS HECHOS GENERADORES DE SITUACIONES DE EMERGENCIA PARA LA TOMA DE DECISIONES. | K6: COORDINACIÓN_ZONAL_4 | M6: DIRECCIÓN DE GESTIÓN DOCUMENTAL Y ARCHIVO | N6: ADMINISTRACIÓN CENTRAL | Q6: 510509 | R6: HORAS EXTRAORDINARIAS Y SUPLEMENTARIAS
G7: INCREMENTAR LA CONTRIBUCIÓN DE INSTRUMENTOS NORMATIVOS DE CARÁCTER INTERNACIONAL, MEDIANTE LA ARTICULACIÓN CON ORGANIZACIONES DEL EXTERIOR. | K7: COORDINACIÓN_ZONAL_5 - 8 | M7: DIRECCIÓN FINANCIERA | N7: ADMINISTRACIÓN CENTRAL | Q7: 510510 | R7: SERVICIOS PERSONALES POR CONTRATO
G8: INCREMENTAR LA EFICIENCIA DE LOS SERVICIOS DE TELECOMUNICACIONES PARA EMERGENCIAS; MEDIANTE LA CONTRIBUCIÓN DE PLANES DE ACCIÓN DE MONITOREO Y CONTROL DE APLICACIÓN DE LA REGULACIÓN VIGENTE. | K8: COORDINACIÓN_ZONAL_6 | M8: DIRECCIÓN NACIONAL ACADÉMICO PARA EMERGENCIAS | N8: DOCTRINA | Q8: 510512 | R8: SUBROGACIÓN
G9: INCREMENTAR LA EFICIENCIA DE LOS PROCESOS DE INTERVENCIÓN DE NORMATIVA INTERNA E INTERSECTORIAL VINCULADA A LA PRESTACIÓN DE SERVICIOS DE EMERGENCIA, MEDIANTE EL ACOMPAÑAMIENTO TÉCNICO EN LA SIMPLIFICACIÓN DE ACTIVIDADES Y ALINEACIÓN A SISTEMAS DE GESTIÓN. | K9: COORDINACIÓN_ZONAL_7 | M9: DIRECCIÓN NACIONAL DE ANÁLISIS DE DATOS | N9: OPERACIONES | Q9: 510513 | R9: ENCARGOS
G10: INCREMENTAR LA EFICACIA EN EL PROCESO DE ADIESTRAMIENTO DE PERSONAS VINCULADAS CON LA PRESTACIÓN DEL SERVICIO DE EMERGENCIA MEDIANTE LA IMPLEMENTACIÓN Y MEJORA DE PROGRAMAS DE ADIESTRAMIENTO, EDUCACIÓN CONTINUA, TÉCNICA Y AVANZADA PARA EL PERSONAL OPERATIVO, INSTITUCIONES ARTICULADAS AL SIS ECU 911 Y CIUDADANÍA, ASÍ COMO TAMBIÉN LA SUSCRIPCIÓN DE ACUERDOS Y/O CONVENIOS Y LA GESTIÓN DE ESTUDIOS CON INSTITUCIONES NACIONALES E INTERNACIONALES. | K10: DIRECCIÓN_GENERAL | M10: DIRECCIÓN NACIONAL DE GESTIÓN DE INFRAESTRUCTURA TECNOLOGÍCA PARA EMERGENCIA | N10: TECNOLOGÍA | Q10: 510601 | R10: APORTE PATRONAL
G11: INCREMENTAR LA EFICIENCIA DE LA GESTIÓN ADMINISTRATIVA MEDIANTE LA OPTIMIZACIÓN DEL USO Y RENDIMIENTO DE LOS RECURSOS | K11: SUBDIRECCIÓN_TÉCNICA_DE_DOCTRINA | M11: DIRECCIÓN NACIONAL DE PROYECTOS E INNOVACIÓN TECNOLÓGICA | N11: TECNOLOGÍA | Q11: 510602 | R11: FONDO DE RESERVA
G12: INCREMENTAR LA EFICIENCIA Y LA EFICACIA DE LA GESTIÓN DE ADMINISTRACIÓN DEL RECURSO HUMANO MEDIANTE EL DESARROLLO DE MECANISMOS Y PLANES QUE PERMITAN OPTIMIZAR EL DESEMPEÑO LABORAL EN BASE AL CUMPLIMIENTO DE LA NORMATIVA LEGAL VIGENTE. | K12: SUBDIRECCIÓN_TÉCNICA_DE_OPERACIONES | M12: DIRECCIÓN NACIONAL REGULATORIO EN EMERGENCIAS | N12: DOCTRINA | Q12: 510704 | R12: COMPENSACIÓN POR DESAHUCIO
G13: INCREMENTAR LA EFICIENCIA EN LA GESTIÓN FINANCIERA MEDIANTE EL FORTALECIMIENTO DE LAS METODOLOGÍAS, MEJORAMIENTO DE PROCESOS FINANCIEROS INTERNOS, APLICACIÓN DE NORMATIVAS Y REGULACIONES VIGENTES. | K13: SUBDIRECCIÓN_TÉCNICA_DE_TECNOLOGÍA_E_INNOVACIÓN | M13: GESTIÓN LOCAL ADMINISTRATIVA FINANCIERA Y DE ADMINISTRACIÓN DE RECURSOS HUMANOS | N13: ADMINISTRACIÓN CENTRAL | Q13: 510707 | R13: COMPENSACIÓN POR VACACIONES NO GOZADAS POR CESACIÓN DE FUNCIONES
G14: INCREMENTAR LA EFICIENCIA DE LA ADMINISTRACIÓN DE DOCUMENTOS INSTITUCIONALES MEDIANTE LA EVALUACIÓN, SIMPLIFICACIÓN, MEJORA, CONTROL DE PROCESOS, GENERACIÓN DE LINEAMIENTOS Y CAPACITACIÓN DEL PERSONAL EN MANEJO DE LA INFORMACIÓN Y HERRAMIENTAS TECNOLÓGICAS DE GESTIÓN DOCUMENTAL Y ARCHIVO. | M14: GESTIÓN LOCAL DE ASESORÍA JURÍDICA | N14: ADMINISTRACIÓN CENTRAL | Q14: 530101 | R14: AGUA POTABLE
G15: INCREMENTAR LA EFICIENCIA EN LA GESTIÓN LEGAL MEDIANTE LA EVALUACIÓN, SIMPLIFICACIÓN, MEJORA Y CONTROL DE LOS PROCESOS Y SERVICIOS DE ASESORÍA JURÍDICA INSTITUCIONAL, ASÍ COMO TAMBIÉN DE LA ATENCIÓN OPORTUNA Y ACERTADA A LOS REQUERIMIENTOS EFECTUADOS POR PARTE DE LOS USUARIOS INTERNOS, EXTERNOS Y LA ACTUALIZACIÓN DEL PERSONAL EN ÁMBITOS JURÍDICOS. | M15: GESTIÓN LOCAL DE COMUNICACIÓN SOCIAL | N15: COMUNICACIÓN SOCIAL | Q15: 530104 | R15: ENERGÍA ELÉCTRICA
G16: INCREMENTAR EL NIVEL DE REPUTACIÓN E IMAGEN INSTITUCIONAL, MEDIANTE EL DISEÑO E IMPLEMENTACIÓN DEL PLAN ESTRATÉGICO DE COMUNICACIÓN APLICADO Y HOMOLOGADO A NIVEL NACIONAL. | M16: GESTIÓN LOCAL DE OPERACIONES | N16: OPERACIONES | Q16: 530105 | R16: TELECOMUNICACIONES
M17: GESTIÓN LOCAL DE SOPORTE TECNOLÓGICO | N17: TECNOLOGÍA | Q17: 530106 | R17: SERVICIO DE CORREO
M18: GESTIÓN ZONAL ADMINISTRATIVA FINANCIERA Y DE ADMINISTRACIÓN DE RECURSOS HUMANOS | N18: ADMINISTRACIÓN CENTRAL | Q18: 530201 | R18: TRANSPORTE DE PERSONAL
M19: GESTIÓN ZONAL DE COMUNICACIÓN SOCIAL | N19: COMUNICACIÓN SOCIAL | Q19: 530202 | R19: FLETES Y MANIOBRAS
M20: GESTIÓN ZONAL DE OPERACIONES | N20: OPERACIONES | Q20: 530203 | R20: ALMACENAMIENTO, EMBALAJE, DESEMBALAJE, ENVASE, DESENVASE Y RECARGA DE EXTINTORES
M21: GESTIÓN ZONAL DE TECNOLOGÍA Y SOPORTE | N21: TECNOLOGÍA | Q21: 530204 | R21: EDICIÓN, IMPRESIÓN, REPRODUCCIÓN, PUBLICACIONES, SUSCRIPCIONES, FOTOCOPIADO, TRADUCCIÓN, EMPASTADO, ENMARCACIÓN, SERIGRAFÍA, FOTOGRAFÍA, CARNETIZACIÓN, FILMACIÓN E IMÁGENES SATELITALES
M22: DIRECCIÓN FINANCIERA | N22: DOCTRINA | Q22: 530205 | R22: ESPECTÁCULOS CULTURALES Y SOCIALES
M23: DIRECCIÓN FINANCIERA | N23: OPERACIONES | Q23: 530207 | R23: DIFUSIÓN, INFORMACIÓN Y PUBLICIDAD
M24: DIRECCIÓN FINANCIERA | N24: TECNOLOGÍA | Q24: 530208 | R24: SERVICIO DE SEGURIDAD Y VIGILANCIA
M25: COORDINACIÓN GENERAL PROYECTO SAT | N25: OPERACIONES | Q25: 530209 | R25: SERVICIOS DE ASEO, LAVADO DE VESTIMENTA DE TRABAJO, FUMIGACIÓN, DESINFECCIÓN, LIMPIEZA DE INSTALACIONES, MANEJO DE DESECHOS CONTAMINADOS, RECUPERACIÓN Y CLASIFICACIÓN DE MATERIALES RECICLABLES
Q26: 530224 | R26: SERVICIO DE IMPLEMENTACIÓN Y ADMINISTRACIÓN DE BANCOS DE INFORMACIÓN
Q27: 530228 | R27: SERVICIOS DE PROVISIÓN DE DISPOSITIVOS ELECTRONICOS Y CERTIFICACION PARA REGISTRO DE FIRMAS DIGITALES
A28: TIPO DE GASTO | B28: Columna1 | C28: GG | Q28: 530229 | R28: SOPORTE AL USUARIO A TRAVÉS DE CENTROS DE SERVICIOS Y OPERADORES TELEFÓNICOS
A29: CORRIENTE | C29: 51 | Q29: 530241 | R29: SERVICIO DE MONITOREO DE LA INFORMACIÓN EN -TELEVISIÓN - RADIO- PRENSA - MEDIOS ON LINE Y OTROS
A30: INVERSIÓN | C30: 53 | Q30: 530246 | R30: SERVICIOS DE IDENTIFICACIÓN, MARCACIÓN, AUTENTIFICACIÓN, RASTREO, MONITOREO, SEGUIMIENTO Y/O TRAZABILIDAD
A31: CAPITAL | C31: 57 | Q31: 530301 | R31: PASAJES AL INTERIOR
C32: 73 | Q32: 530303 | R32: VIÁTICOS Y SUBSISTENCIAS EN EL INTERIOR
C33: 84 | Q33: 530402 | R33: EDIFICIOS, LOCALES, RESIDENCIAS Y CABLEADO ESTRUCTURADO (INSTALACIÓN, MANTENIMIENTO Y REPARACIÓN)
C34: 75 | Q34: 530403 | R34: MOBILIARIOS (INSTALACIÓN, MANTENIMIENTO Y REPARACIÓN)
Q35: 530404 | R35: MAQUINARIAS Y EQUIPOS (INSTALACIÓN, MANTENIMIENTO Y REPARACIÓN)
Q36: 530405 | R36: VEHÍCULOS (SERVICIO PARA MANTENIMIENTO Y REPARACIÓN)
Q37: 530418 | R37: MANTENIMIENTO DE ÁREAS VERDES Y ARREGLO DE VÍAS INTERNAS
D38: AC | Q38: 530502 | R38: EDIFICIOS, LOCALES Y RESIDENCIAS, PARQUEADEROS, CASILLEROS JUDICIALES Y BANCARIOS (ARRENDAMIENTO)
D39: 1 | Q39: 530504 | R39: MAQUINARIAS Y EQUIPOS (ARRENDAMIENTO)
D40: 2 | Q40: 530505 | R40: VEHÍCULOS (ARRENDAMIENTO)
D41: 3 | Q41: 530601 | R41: CONSULTORÍA, ASESORÍA E INVESTIGACIÓN ESPECIALIZADA
Q42: 530604 | R42: FISCALIZACIÓN E INSPECCIONES TÉCNICAS
Q43: 530701 | R43: DESARROLLO, ACTUALIZACIÓN, ASISTENCIA TÉCNICA Y SOPORTE DE SISTEMAS INFORMÁTICOS
Q44: 530702 | R44: ARRENDAMIENTO Y LICENCIAS DE USO DE PAQUETES INFORMÁTICOS
Q45: 530703 | R45: ARRENDAMIENTO DE EQUIPOS INFORMÁTICOS
Q46: 530704 | R46: MANTENIMIENTO Y REPARACIÓN DE EQUIPOS Y SISTEMAS INFORMÁTICOS
Q47: 530801 | R47: ALIMENTOS Y BEBIDAS
A48: GEO | B48: NOMBRE GEO | C48: Columna1 | D48: EOD | E48: Columna2 | Q48: 530802 | R48: VESTUARIO, LENCERÍA, PRENDAS DE PROTECCIÓN Y ACCESORIOS PARA UNIFORMES DEL PERSONAL DE PROTECCIÓN, VIGILANCIA Y SEGURIDAD
A49: 100 | B49: CUENCA | C49: COORDINACIÓN_ZONAL_6 | D49: 266_0006 | Q49: 530803 | R49: COMBUSTIBLES Y LUBRICANTES
A50: 101 | B50: CUENCA | C50: COORDINACIÓN_ZONAL_6 | D50: 266_0006 | Q50: 530804 | R50: MATERIALES DE OFICINA
A51: 401 | B51: TULCÁN | C51: COORDINACIÓN_ZONAL_1 | D51: 266_0001 | Q51: 530805 | R51: MATERIALES DE ASEO
A52: 600 | B52: CHIMBORAZO | C52: COORDINACIÓN_ZONAL_3 | D52: 266_0003 | Q52: 530807 | R52: MATERIALES DE IMPRESIÓN, FOTOGRAFÍA, REPRODUCCIÓN Y PUBLICACIONES
A53: 601 | B53: RIOBAMBA | C53: COORDINACIÓN_ZONAL_3 | D53: 266_0003 | Q53: 530808 | R53: INSTRUMENTAL MÉDICO MENOR
A54: 700 | B54: EL ORO | C54: COORDINACIÓN_ZONAL_7 | D54: 266_0007 | Q54: 530809 | R54: MEDICAMENTOS
A55: 701 | B55: MACHALA | C55: COORDINACIÓN_ZONAL_7 | D55: 266_0007 | Q55: 530810 | R55: DISPOSITIVOS MÉDICOS PARA LABORATORIO CLÍNICO Y DE PATOLOGÍA
A56: 801 | B56: ESMERALDAS | C56: COORDINACIÓN_ZONAL_1 | D56: 266_0001 | Q56: 530811 | R56: INSUMOS, MATERIALES Y SUMINISTROS PARA CONSTRUCCIÓN, ELECTRICIDAD, PLOMERÍA, CARPINTERÍA, SEÑALIZACIÓN VIAL, NAVEGACIÓN, CONTRA INCENDIOS Y PLACAS
A57: 900 | B57: SAMBORONDÓN | C57: COORDINACIÓN_ZONAL_5_8 | D57: 266_0005 | Q57: 530812 | R57: MATERIALES DIDÁCTICOS
A58: 916 | B58: SAMBORONDÓN | C58: COORDINACIÓN_ZONAL_5_8 | D58: 266_0005 | Q58: 530813 | R58: REPUESTOS Y ACCESORIOS
A59: 1000 | B59: IMBABURA | C59: COORDINACIÓN_ZONAL_1 | D59: 266_0001 | Q59: 530820 | R59: MENAJE Y ACCESORIOS DESCARTABLES
A60: 1001 | B60: IBARRA | C60: COORDINACIÓN_ZONAL_1 | D60: 266_0001 | Q60: 530824 | R60: INSUMOS, BIENES Y MATERIALES PARA PRODUCCIÓN DE PROGRAMAS DE RADIO, TELEVISIÓN, EVENTOS CULTURALES, ARTÍSTICOS Y ENTRETENIMIENTO EN GENERAL
... A77: 2301 | B77: SANTO DOMINGO | C77: COORDINACIÓN_ZONAL_4 | D77: 266_0004 | Q77: 730802 | R77: VESTUARIO,LENCERÍA,PRENDASDEPROTECCIÓNYACCESORIOSPARAUNIFORMESDELPERSONALDEPROTECCIÓN,VIGILANCIAYSEGURIDAD.
C78: COORDINACIÓN_GENERAL_ADMINISTRATIVA_FINANCIERA | D78: 266_9999 | Q78: 730811 | R78: INSUMOS MATERIALES Y SUMINISTROS PARA CONSTRUCCIÓN-ELECTRICIDAD-PLOMERÍA-CARPINTERÍA-SEÑALIZACIÓN VIAL NAVEGACIÓN CONTRA INCENDIOS Y PLACAS
C79: DIRECCIÓN_GENERAL | D79: 266_9999 | Q79: 730812 | R79: MATERIALES DIDÁCTICOS
C80: SUBDIRECCIÓN_TÉCNICA_DE_DOCTRINA | D80: 266_9999 | Q80: 730813 | R80: REPUESTOS Y ACCESORIOS
C81: SUBDIRECCIÓN_TÉCNICA_DE_OPERACIONES | D81: 266_9999 | Q81: 730826 | R81: DISPOSITIVOS MÉDICOS DE USO GENERAL
C82: SUBDIRECCIÓN_TÉCNICA_DE_TECNOLOGÍA_E_INNOVACIÓN | D82: 266_9999 | Q82: 731404 | R82: MAQUINARIAS Y EQUIPOS
Q83: 730602 | R83: SERVICIO DE AUDITORÍA
Q84: 750114 | R84: CONTROL DE INUNDACIONES Y ESTABILIZACIÓN DE CAUCES
A85: 266 0001 | B85: 266 0003 | C85: 266 0004 | D85: 266 0005 | Q85: 840104 | R85: MAQUINARIAS Y EQUIPOS
A86: 401 | B86: 600 | C86: 1300 | D86: 900 | Q86: 840111 | R86: PARTES Y REPUESTOS
A87: 801 | B87: 601 | C87: 1301 | D87: 916 | Q87: 840107 | R87: EQUIPOS SISTEMAS Y PAQUETES INFORMÁTICOS
A88: 1000 | B88: 1800 | C88: 2300 | D88: 1200 | Q88: 990101 | R88: OBLIGACIONES DE EJERCICIOS ANTERIORES POR EGRESOS DE PERSONAL
A89: 1001 | B89: 1801 | C89: 2301 | D89: 1201 | Q89: 990102 | R89: OBLIGACIONES DE EJERCICIOS ANTERIORES POR EGRESOS EN SERVICIOS
A90: 2101 | D90: 2000
D91: 2001
A93: 266 0006 | B93: 266 0007 | C93: 266 9999
A94: 100 | B94: 700 | C94: 1700
A95: 101 | B95: 701 | C95: 1701
A96: 1400 | B96: 1100
A97: 1401 | B97: 1101

Sheet Listas2
A1: 51 | C1: 53 | E1: 57 | G1: 99 | I1: PLANTA CENTRAL | K1: COORDINACIÓN ZONAL | M1: COORDINACIÓN GENERAL ADMINISTRATIVA FINANCIERA | N1: PONDERACIÓN | O1: DIRECCIÓN GENERAL | Q1: SUBDIRECCIÓN TÉCNICA DE DOCTRINA | S1: SUBDIRECCIÓN TÉCNICA DE OPERACIONES | U1: SUBDIRECCIÓN TÉCNICA DE TECNOLOGÍA E INNOVACIÓN | W1: COORDINACIÓN ZONAL 1 | Y1: COORDINACIÓN ZONAL 2 - 9 | AA1: COORDINACIÓN ZONAL 3 | AC1: COORDINACIÓN ZONAL 4 | AE1: COORDINACIÓN ZONAL 5 - 8 | AG1: COORDINACIÓN ZONAL 6 | AI1: COORDINACIÓN ZONAL 7
A2: 510105 | C2: 530101 | E2: 570102 | G2: 990101 | I2: COORDINACIÓN_GENERAL_ADMINISTRATIVA_FINANCIERA | K2: COORDINACIÓN_ZONAL_1 | M2: DIRECCIÓN ADMINISTRATIVA | N2: 1 | O2: DIRECCIÓN DE ASESORÍA JURÍDICA | Q2: DIRECCIÓN NACIONAL ACADÉMICO PARA EMERGENCIAS | S2: DIRECCIÓN NACIONAL DE ANÁLISIS DE DATOS | U2: DIRECCIÓN NACIONAL DE GESTIÓN DE INFRAESTRUCTURA TECNOLOGÍCA PARA EMERGENCIA | W2: GESTIÓN LOCAL ADMINISTRATIVA FINANCIERA Y DE ADMINISTRACIÓN DE RECURSOS HUMANOS | Y2: GESTIÓN ZONAL DE TECNOLOGÍA Y SOPORTE | AA2: GESTIÓN LOCAL ADMINISTRATIVA FINANCIERA Y DE ADMINISTRACIÓN DE RECURSOS HUMANOS | AC2: GESTIÓN LOCAL ADMINISTRATIVA FINANCIERA Y DE ADMINISTRACIÓN DE RECURSOS HUMANOS | AE2: GESTIÓN LOCAL ADMINISTRATIVA FINANCIERA Y DE ADMINISTRACIÓN DE RECURSOS HUMANOS | AG2: GESTIÓN LOCAL ADMINISTRATIVA FINANCIERA Y DE ADMINISTRACIÓN DE RECURSOS HUMANOS | AI2: GESTIÓN LOCAL ADMINISTRATIVA FINANCIERA Y DE ADMINISTRACIÓN DE RECURSOS HUMANOS
A3: 510106 | C3: 530104 | E3: 570104 | G3: 990102 | I3: DIRECCIÓN_GENERAL | K3: COORDINACIÓN_ZONAL_2_9 | M3: DIRECCIÓN DE ADMINISTRACIÓN DE RECURSOS HUMANOS | N3: 2 | O3: DIRECCIÓN DE COMUNICACIÓN SOCIAL | Q3: DIRECCIÓN NACIONAL REGULATORIO EN EMERGENCIAS | U3: DIRECCIÓN NACIONAL DE PROYECTOS E INNOVACIÓN TECNOLÓGICA | W3: GESTIÓN LOCAL DE COMUNICACIÓN SOCIAL | AA3: GESTIÓN LOCAL DE OPERACIONES | AC3: GESTIÓN LOCAL DE COMUNICACIÓN SOCIAL | AE3: GESTIÓN LOCAL DE OPERACIONES | AG3: GESTIÓN LOCAL DE OPERACIONES | AI3: GESTIÓN LOCAL DE ASESORÍA JURÍDICA
A4: 510203 | C4: 530105 | E4: 570201 | I4: SUBDIRECCIÓN_TÉCNICA_DE_DOCTRINA | K4: COORDINACIÓN_ZONAL_3 | M4: DIRECCIÓN FINANCIERA | N4: 3 | O4: DIRECCIÓN DE GESTIÓN DOCUMENTAL Y ARCHIVO | W4: GESTIÓN LOCAL DE SOPORTE TECNOLÓGICO | AA4: GESTIÓN LOCAL DE SOPORTE TECNOLÓGICO | AC4: GESTIÓN LOCAL DE OPERACIONES | AE4: GESTIÓN LOCAL DE SOPORTE TECNOLÓGICO | AG4: GESTIÓN LOCAL DE SOPORTE TECNOLÓGICO | AI4: GESTIÓN LOCAL DE OPERACIONES
A5: 510204 | C5: 530106 | E5: 570206 | I5: SUBDIRECCIÓN_TÉCNICA_DE_OPERACIONES | K5: COORDINACIÓN_ZONAL_4 | O5: COORDINACIÓN GENERAL PROYECTO SAT | W5: GESTIÓN ZONAL ADMINISTRATIVA FINANCIERA Y DE ADMINISTRACIÓN DE RECURSOS HUMANOS | AA5: GESTIÓN ZONAL ADMINISTRATIVA FINANCIERA Y DE ADMINISTRACIÓN DE RECURSOS HUMANOS | AC5: GESTIÓN LOCAL DE SOPORTE TECNOLÓGICO | AE5: GESTIÓN ZONAL ADMINISTRATIVA FINANCIERA Y DE ADMINISTRACIÓN DE RECURSOS HUMANOS | AG5: GESTIÓN ZONAL ADMINISTRATIVA FINANCIERA Y DE ADMINISTRACIÓN DE RECURSOS HUMANOS | AI5: GESTIÓN LOCAL DE SOPORTE TECNOLÓGICO
A6: 510509 | C6: 530201 | I6: SUBDIRECCIÓN_TÉCNICA_DE_TECNOLOGÍA_E_INNOVACIÓN | K6: COORDINACIÓN_ZONAL_5_8 | W6: GESTIÓN ZONAL DE COMUNICACIÓN SOCIAL | AA6: GESTIÓN ZONAL DE OPERACIONES | AC6: GESTIÓN ZONAL ADMINISTRATIVA FINANCIERA Y DE ADMINISTRACIÓN DE RECURSOS HUMANOS | AE6: GESTIÓN ZONAL DE OPERACIONES | AG6: GESTIÓN ZONAL DE COMUNICACIÓN SOCIAL | AI6: GESTIÓN ZONAL ADMINISTRATIVA FINANCIERA Y DE ADMINISTRACIÓN DE RECURSOS HUMANOS
A7: 510510 | C7: 530202 | K7: COORDINACIÓN_ZONAL_6 | W7: GESTIÓN ZONAL DE OPERACIONES | AA7: GESTIÓN ZONAL DE TECNOLOGÍA Y SOPORTE | AC7: GESTIÓN ZONAL DE OPERACIONES | AE7: GESTIÓN ZONAL DE TECNOLOGÍA Y SOPORTE | AG7: GESTIÓN ZONAL DE OPERACIONES | AI7: GESTIÓN ZONAL DE COMUNICACIÓN SOCIAL
A8: 510512 | C8: 530203 | K8: COORDINACIÓN_ZONAL_7 | W8: GESTIÓN ZONAL DE TECNOLOGÍA Y SOPORTE | AC8: GESTIÓN ZONAL DE TECNOLOGÍA Y SOPORTE | AG8: GESTIÓN ZONAL DE TECNOLOGÍA Y SOPORTE | AI8: GESTIÓN ZONAL DE OPERACIONES
A9: 510513 | C9: 530204 | AI9: GESTIÓN ZONAL DE TECNOLOGÍA Y SOPORTE
A10: 510601 | C10: 530207
A11: 510602 | C11: 530208
A12: 510704 | C12: 530209
A13: 510707 | C13: 530228
C14: 530241 | G14: PG | H14: COR | I14: FTE | J14: ORG | K14: PY | L14: GEOG.
C15: 530246 | G15: 1 | H15: 0 | I15: 1 | J15: 0 | K15: 0 | L15: 1701
C16: 530301 | G16: 55 | H16: 0 | I16: 1 | J16: 0 | K16: 3 | L16: 1700
C17: 530303 | H17: 2002 | I17: 202 | J17: 2002
C18: 530402 | H18: 8888
C19: 530403
C20: 530404 | G20: CORRIENTE | H20: INVERSIÓN | I20: 73 | K20: 75 | M20: 84
C21: 530405 | G21: 51 | H21: 73 | I21: 730204 | K21: 750114 | M21: 840104
C22: 530418 | G22: 53 | H22: 75 | I22: 730207 | M22: 840111
C23: 530502 | G23: 57 | H23: 84 | I23: 730601 | M23: 840107
C24: 530505 | G24: 84 | I24: 730602
C25: 530601 | I25: 730802
C26: 530604 | I26: 730811
C27: 530701 | I27: 730812
C28: 530702 | I28: 730813
C29: 530703 | I29: 730826
C30: 530704 | I30: 731404
C31: 530801 | I31: 730602
C32: 530802
C33: 530803
C34: 530804
C35: 530805
C36: 530807
C37: 530808
C38: 530809 | G38: PROGRAMA | H38: PROYECTO | I38: CORR | J38: FUENTE | K38: ORGANISMO
C39: 530810 | G39: 55 | H39: 003 | I39: 0000 | J39: 202 | K39: 0000
C40: 530811 | I40: 5072 | J40: 998 | K40: 2002
C41: 530812 | I41: 8888 | K41: 8888
C42: 530813 | I42: 9999 | K42: 9999
C43: 530820
C44: 530824
C45: 530826
C46: 530829
C47: 531403
C48: 531404
C49: 531406
C50: 531407
C51: 531408
C52: 531411
C53: 530418

Sheet Hoja1
A2: OBJETIVOS ESTRATÉGICOS | B2: OBJETIVOS OPERATIVOS | D2: OE 1 Incrementar la calidad en la prestación del servicio de atención de emergencias a nivel nacional | G2: OE 1 Incrementar la calidad en la prestación del servicio de atención de emergencias a nivel nacional OE 2 Incrementar la articulación interinstitucional en la prestación de servicios de atención de emergencias OE 4 Fortalecer las capacidades instituciona | K2: OE 4 Fortalecer las capacidades institucionales (para la mejora continua del servicio) | M2: OE 3 Incrementar el posicionamiento del Servicio Integrado de Seguridad ECU 911 a nivel nacional e internacional
A3: OE 1 INCREMENTAR LA CALIDAD EN LA PRESTACIÓN DEL SERVICIO DE ATENCIÓN DE EMERGENCIAS A NIVEL NACIONAL | B3: MANTENER LA EFICAZ OPERACIÓN DE LA INFRAESTRUCTURA BASE Y DE LA PLATAFORMA TECNOLÓGICA DEL SERVICIO INTEGRADO DE SEGURIDAD ECU 911 A NIVEL NACIONAL MEDIANTE LA PLANIFICACIÓN, IMPLEMENTACIÓN Y CONTROL, DE NORMAS, PROCESOS Y HERRAMIENTAS APLICADAS, DESARROLLANDO Y MEJORANDO LOS SERVICIOS CON RECURSOS Y COMPONENTES TECNOLÓGICOS. | D3: Mantener la eficaz operación de la infraestructura base y de la plataforma tecnológica del Servicio Integrado de Seguridad ECU 911 a nivel nacional MEDIANTE la planificación, implementación y control, de normas, procesos y herramientas aplicadas, desarrollando y mejorando los servicios con recursos y componentes tecnológicos. | G3: Incrementar la eficiencia y eficacia de la prestación del servicio público de coordinación para la atención de emergencias ciudadanas que presta el SIS ECU 911 a nivel Nacional MEDIANTE la implementación de planes de mejora continua, seguimiento y control de ejecución de protocolos, procesos y procedimientos operativos. | K3: Incrementar la eficiencia de la gestión administrativa MEDIANTE la optimización del uso y rendimiento de los recursos | M3: Incrementar el nivel de reputación e imagen institucional, MEDIANTE el diseño e implementación del Plan estratégico de comunicación aplicado y homologado a nivel nacional.
B4: INCREMENTAR LA MEJORA DE LOS SERVICIOS TECNOLÓGICOS DEL SIS ECU 911 MEDIANTE EL DESARROLLO DE PROYECTOS DE INNOVACIÓN Y DEMÁS INSTRUMENTOS RELATIVOS AL MEJORAMIENTO DE LA PRESTACIÓN DEL SERVICIO, FORTALECIMIENTO DE LA PLATAFORMA TECNOLÓGICA Y LA INCORPORACIÓN DE NUEVOS PRODUCTOS Y SERVICIOS PARA EL SIS ECU 911. | D4: Incrementar la mejora de los servicios tecnológicos del SIS ECU 911 MEDIANTE el desarrollo de proyectos de innovación y demás instrumentos relativos al mejoramiento de la prestación del servicio, fortalecimiento de la plataforma tecnológica y la incorporación de nuevos productos y servicios para el SIS ECU 911. | G4: Incrementar la eficiencia y eficacia en las relaciones y coordinaciones con las instituciones y organismos nacionales e internacionales vinculadas al SIS ECU 911 MEDIANTE el fortalecimiento del ciclo de coordinación interinstitucional en la prestación de servicios de emergencia y la implementación de los compromisos y acuerdos interinstitucionales. | K4: Incrementar la eficiencia y la eficacia de la gestión de Administración del Recurso Humano MEDIANTE el desarrollo de mecanismos y planes que permitan optimizar el desempeño laboral en base al cumplimiento de la normativa legal vigente.
A5: OE 1 INCREMENTAR LA CALIDAD EN LA PRESTACIÓN DEL SERVICIO DE ATENCIÓN DE EMERGENCIAS A NIVEL NACIONAL OE 2 INCREMENTAR LA ARTICULACIÓN INTERINSTITUCIONAL EN LA PRESTACIÓN DE SERVICIOS DE ATENCIÓN DE EMERGENCIAS OE 4 FORTALECER LAS CAPACIDADES INSTITUCIONALES (PARA LA MEJORA CONTINUA DEL SERVICIO) | B5: INCREMENTAR LA EFICIENCIA Y EFICACIA DE LA PRESTACIÓN DEL SERVICIO PÚBLICO DE COORDINACIÓN PARA LA ATENCIÓN DE EMERGENCIAS CIUDADANAS QUE PRESTA EL SIS ECU 911 A NIVEL NACIONAL MEDIANTE LA IMPLEMENTACIÓN DE PLANES DE MEJORA CONTINUA, SEGUIMIENTO Y CONTROL DE EJECUCIÓN DE PROTOCOLOS, PROCESOS Y PROCEDIMIENTOS OPERATIVOS. | G5: Incrementar la calidad de la generación de información estadística de manera oportuna MEDIANTE el desarrollo y mejora de reportes estadísticos y estudios relacionados con los hechos generadores de situaciones de emergencia para la toma de decisiones. | K5: Incrementar la eficiencia en la gestión financiera MEDIANTE el fortalecimiento de las metodologías, mejoramiento de procesos financieros internos, aplicación de normativas y regulaciones vigentes.
B6: INCREMENTAR LA EFICIENCIA Y EFICACIA EN LAS RELACIONES Y COORDINACIONES CON LAS INSTITUCIONES Y ORGANISMOS NACIONALES E INTERNACIONALES VINCULADAS AL SIS ECU 911 MEDIANTE EL FORTALECIMIENTO DEL CICLO DE COORDINACIÓN INTERINSTITUCIONAL EN LA PRESTACIÓN DE SERVICIOS DE EMERGENCIA Y LA IMPLEMENTACIÓN DE LOS COMPROMISOS Y ACUERDOS INTERINSTITUCIONALES. | K6: Incrementar la eficiencia de la administración de documentos institucionales MEDIANTE la evaluación, simplificación, mejora, control de procesos, generación de lineamientos y capacitación del personal en manejo de la información y herramientas tecnológicas de gestión documental y archivo.
B7: INCREMENTAR LA CALIDAD DE LA GENERACIÓN DE INFORMACIÓN ESTADÍSTICA DE MANERA OPORTUNA MEDIANTE EL DESARROLLO Y MEJORA DE REPORTES ESTADÍSTICOS Y ESTUDIOS RELACIONADOS CON LOS HECHOS GENERADORES DE SITUACIONES DE EMERGENCIA PARA LA TOMA DE DECISIONES. | K7: Incrementar la eficiencia en la gestión legal MEDIANTE la evaluación, simplificación, mejora y control de los procesos y servicios de asesoría jurídica institucional, así como también de la atención oportuna y acertada a los requerimientos efectuados por parte de los usuarios internos, externos y la actualización del personal en ámbitos jurídicos.
A8: OE 1 INCREMENTAR LA CALIDAD EN LA PRESTACIÓN DEL SERVICIO DE ATENCIÓN DE EMERGENCIAS A NIVEL NACIONAL OE 2 INCREMENTAR LA ARTICULACIÓN INTERINSTITUCIONAL EN LA PRESTACIÓN DE SERVICIOS DE ATENCIÓN DE EMERGENCIAS | B8: INCREMENTAR LA CONTRIBUCIÓN DE INSTRUMENTOS NORMATIVOS DE CARÁCTER INTERNACIONAL, MEDIANTE LA ARTICULACIÓN CON ORGANIZACIONES DEL EXTERIOR.
B9: INCREMENTAR LA EFICIENCIA DE LOS SERVICIOS DE TELECOMUNICACIONES PARA EMERGENCIAS; MEDIANTE LA CONTRIBUCIÓN DE PLANES DE ACCIÓN DE MONITOREO Y CONTROL DE APLICACIÓN DE LA REGULACIÓN VIGENTE.
B10: INCREMENTAR LA EFICIENCIA DE LOS PROCESOS DE INTERVENCIÓN DE NORMATIVA INTERNA E INTERSECTORIAL VINCULADA A LA PRESTACIÓN DE SERVICIOS DE EMERGENCIA, MEDIANTE EL ACOMPAÑAMIENTO TÉCNICO EN LA SIMPLIFICACIÓN DE ACTIVIDADES Y ALINEACIÓN A SISTEMAS DE GESTIÓN.
B11: INCREMENTAR LA EFICACIA EN EL PROCESO DE ADIESTRAMIENTO DE PERSONAS VINCULADAS CON LA PRESTACIÓN DEL SERVICIO DE EMERGENCIA MEDIANTE LA IMPLEMENTACIÓN Y MEJORA DE PROGRAMAS DE ADIESTRAMIENTO, EDUCACIÓN CONTINUA, TÉCNICA Y AVANZADA PARA EL PERSONAL OPERATIVO, INSTITUCIONES ARTICULADAS AL SIS ECU 911 Y CIUDADANÍA, ASÍ COMO TAMBIÉN LA SUSCRIPCIÓN DE ACUERDOS Y/O CONVENIOS Y LA GESTIÓN DE ESTUDIOS CON INSTITUCIONES NACIONALES E INTERNACIONALES.
A12: OE 4 FORTALECER LAS CAPACIDADES INSTITUCIONALES (PARA LA MEJORA CONTINUA DEL SERVICIO) | B12: INCREMENTAR LA EFICIENCIA DE LA GESTIÓN ADMINISTRATIVA MEDIANTE LA OPTIMIZACIÓN DEL USO Y RENDIMIENTO DE LOS RECURSOS
B13: INCREMENTAR LA EFICIENCIA Y LA EFICACIA DE LA GESTIÓN DE ADMINISTRACIÓN DEL RECURSO HUMANO MEDIANTE EL DESARROLLO DE MECANISMOS Y PLANES QUE PERMITAN OPTIMIZAR EL DESEMPEÑO LABORAL EN BASE AL CUMPLIMIENTO DE LA NORMATIVA LEGAL VIGENTE.
B14: INCREMENTAR LA EFICIENCIA EN LA GESTIÓN FINANCIERA MEDIANTE EL FORTALECIMIENTO DE LAS METODOLOGÍAS, MEJORAMIENTO DE PROCESOS FINANCIEROS INTERNOS, APLICACIÓN DE NORMATIVAS Y REGULACIONES VIGENTES.
B15: INCREMENTAR LA EFICIENCIA DE LA ADMINISTRACIÓN DE DOCUMENTOS INSTITUCIONALES MEDIANTE LA EVALUACIÓN, SIMPLIFICACIÓN, MEJORA, CONTROL DE PROCESOS, GENERACIÓN DE LINEAMIENTOS Y CAPACITACIÓN DEL PERSONAL EN MANEJO DE LA INFORMACIÓN Y HERRAMIENTAS TECNOLÓGICAS DE GESTIÓN DOCUMENTAL Y ARCHIVO.
B16: INCREMENTAR LA EFICIENCIA EN LA GESTIÓN LEGAL MEDIANTE LA EVALUACIÓN, SIMPLIFICACIÓN, MEJORA Y CONTROL DE LOS PROCESOS Y SERVICIOS DE ASESORÍA JURÍDICA INSTITUCIONAL, ASÍ COMO TAMBIÉN DE LA ATENCIÓN OPORTUNA Y ACERTADA A LOS REQUERIMIENTOS EFECTUADOS POR PARTE DE LOS USUARIOS INTERNOS, EXTERNOS Y LA ACTUALIZACIÓN DEL PERSONAL EN ÁMBITOS JURÍDICOS.
A17: OE 3 INCREMENTAR EL POSICIONAMIENTO DEL SERVICIO INTEGRADO DE SEGURIDAD ECU 911 A NIVEL NACIONAL E INTERNACIONAL | B17: INCREMENTAR EL NIVEL DE REPUTACIÓN E IMAGEN INSTITUCIONAL, MEDIANTE EL DISEÑO E IMPLEMENTACIÓN DEL PLAN ESTRATÉGICO DE COMUNICACIÓN APLICADO Y HOMOLOGADO A NIVEL NACIONAL.
